 Dungeon Crawl Stone Soup version 0.31-a0-1576-ga3383bade6 (webtiles) character file.

Game seed: 8188554691671837215

881574 Esekla the Archmage (level 27, -5/247 HPs)
             Began as a Demonspawn Wanderer on Dec 27, 2023.
             Was a High Priest of Ashenzari.
             Slain by a radroach (24 damage)
             ... on level 27 of a ziggurat on Jan 5, 2024.
             The game lasted 17:38:03 (85454 turns).

Esekla the Archmage (Demonspawn Wanderer)          Turns: 85454, Time: 17:38:03

Health: -5/247     AC: 14    Str: 12    XL:     27
Magic:  0/68       EV: 36    Int: 24    God:    Ashenzari [*****.]
Gold:   4511       SH: 10    Dex: 25    Spells: 0/80 levels left

rFire   + . .        a - +11 Singing Sword {sonic wave}
rCold   + . .        V - +3 buckler "Eternal With Me" {rC+ rF+, Self, Elem} (curse)
rNeg    . . .        n - +5 moon troll leather armour {Spirit, Regen++ MP+5, Sorc, Fort} (curse)
rPois   +            (helmet unavailable)
rElec   +            I - +4 dragonskin cloak {Fort, Sorc} (curse)
rCorr   .            S - +2 pair of gloves of the Circumscribed Moon {Dex+3, Elem, Melee} (curse)
SInv    +            b - +2 pair of boots "Share My Existentialism" {Fly, Cun, Fort} (curse)
Will    +++..        v - amulet of Ouranomancy {RegenMP Stlth+, Elem, Sorc} (curse)
Stlth   +++++++      T - ring of Ouranomancy {rElec rPois MP+9 Dex+6 Stlth-, Self, Comp} (curse)
HPRegen 2.21/turn    Q - ring "I Foresaw This" {AC+4, Cun, Self} (curse)
MPRegen 0.81/turn

%: clarity, guardian spirit
@: corroded, flying, slowed, studying 4 skills, very slow
A: antennae 3, slimy green scales 3, hurl damnation, icemail 2, spiny 3, torment
resistance 1, condensation shield, demonic willpower, mutation resistance 1,
robust 1
}: 4/15 runes: barnacled, slimy, silver, gossamer
a: Hurl Damnation, Renounce Religion, Curse Item, Shatter the Chains


You were on level 27 of a ziggurat.
You worshipped Ashenzari.
Ashenzari was extremely pleased with you.
You visited 12 branches of the dungeon, and saw 56 of its levels.
You visited the Abyss 1 time.
You visited 2 bazaars.
You visited 1 ziggurat, and saw 27 of its levels.
You also visited: Gauntlet, Volcano, Wizlab and Desolation.

You collected 10449 gold pieces.
You spent 5938 gold pieces at shops.

Inventory:

Hand Weapons
 a - the +11 Singing Sword (weapon) {sonic wave}
   (You found it on level 3 of the Elven Halls)
 c - the +6 Majin-Bo {spellvamp, MP+6 Int+6}
   (You took it off a ragged hierophant in the Desolation of Salt)

   Int+6:     It affects your intelligence (+6).
   MP+6:      It affects your magic capacity (+6).
 d - the +9 staff of Olgreb {rPois∞}
   (You found it on level 20 of a ziggurat)

   Radiate:   It can be activated via the 'a'bility menu to radiate toxic
   energy, with effectiveness depending on Evocations skill.
   Alch:      It enhances your alchemy magic.
   rPois∞: It grants immunity to poison.
 g - a +9 demon blade of protection
 r - a +2 trident of pain
 s - the +6 dagger of the Lurker {freeze, rF+ MP+9 Str+2}
   (You found it on level 8 of a ziggurat)

   Str+2:     It affects your strength (+2).
   rF+:       It protects you from fire.
   MP+9:      It affects your magic capacity (+9).
 x - the +8 demon blade "Leech" {evervamp, Harm ^Drain rN+}
   (You found it on level 24 of a ziggurat)

   rN+:       It protects you from negative energy.
   ^Drain:    It drains your maximum health when unequipped.
   Harm:      It increases damage dealt and taken.
Missiles
 e - 48 boomerangs
 h - 35 poisoned darts (quivered)
 l - 15 silver javelins
 C - 16 curare-tipped darts
Armour
 b - the cursed +2 pair of boots "Share My Existentialism" (worn) {Fly, Cun, Fort}
   (You found it on level 15 of the Dungeon)

   It has a curse which improves the following skills: Cunning: Dodging and
   Stealth.
   Fortitude: Armour and Shields.
 n - the cursed +5 moon troll leather armour (worn) {Spirit, Regen++ MP+5, Sorc, Fort}
   (You found it in a Gauntlet)

   MP+5:      It affects your magic capacity (+5).
   Regen++:   It increases your rate of health regeneration.
   It has a curse which improves the following skills: Sorcery: Conjurations and
   Alchemy.
   Fortitude: Armour and Shields.
 I - the cursed +4 dragonskin cloak (worn) {Fort, Sorc}
   (You took it off Tiamat on level 1 of the Realm of Zot)

   Avatar's Aegis: It grants the wearer a chance to resist fire, cold, poison,
   electricity, acid, and negative energy.
   It has a curse which improves the following skills: Fortitude: Armour and
   Shields.
   Sorcery:   Conjurations and Alchemy.
 L - the +4 Cigotuvi's embrace {Corpsefed rMiasma ^Drain rN+}
   (You found it on level 13 of a ziggurat)

   Corpsefed: It gathers nearby corpses to temporarily increase the armour it
   provides.
   rMiasma:   It protects you from foul pestilence.
   rN+:       It protects you from negative energy.
   ^Drain:    It drains your maximum health when unequipped.
 S - the cursed +2 pair of gloves of the Circumscribed Moon (worn) {Dex+3, Elem, Melee}
   (You found it on level 4 of the Lair of Beasts)

   It has a curse which improves the following skills: Elements: Fire Magic, Ice
   Magic, Air Magic and Earth Magic.
   Melee Combat: Short Blades, Long Blades, Axes, Maces & Flails, Polearms,
   Staves and Unarmed Combat.
 V - the cursed +3 buckler "Eternal With Me" (worn) {rC+ rF+, Self, Elem}
   (You took it off a tengu warrior on level 15 of the Dungeon)

   It has a curse which improves the following skills: Introspection: Fighting
   and Spellcasting.
   Elements:  Fire Magic, Ice Magic, Air Magic and Earth Magic.
Jewellery
 v - the cursed amulet of Ouranomancy (around neck) {RegenMP Stlth+, Elem, Sorc}
   (You found it on level 2 of the Depths)

   [amulet of magic regeneration]

   RegenMP:   It increases your rate of magic regeneration.
   Stlth+:    It makes you more stealthy.
   It has a curse which improves the following skills: Elements: Fire Magic, Ice
   Magic, Air Magic and Earth Magic.
   Sorcery:   Conjurations and Alchemy.
 F - the amulet of Niatoqix {RegenMP +Blink rPois Will+ Dex-2}
   (You found it on level 5 of the Pits of Slime)

   [amulet of magic regeneration]

   RegenMP:   It increases your rate of magic regeneration.
   Dex-2:     It affects your dexterity (-2).
   rPois:     It protects you from poison Will+: It increases your willpower.
   +Blink:    It lets you blink.
 N - the ring "Munoto" {rCorr Int+6 Dex-2}
   (You found it on level 18 of a ziggurat)

   [ring of resist corrosion]

   Int+6:     It affects your intelligence (+6).
   Dex-2:     It affects your dexterity (-2).
   rCorr:     It protects you from acid and corrosion.
 Q - the cursed ring "I Foresaw This" (right hand) {AC+4, Cun, Self}
   (You found it on level 3 of the Lair of Beasts)

   [ring of protection]

   AC+4:      It affects your AC (+4).
   It has a curse which improves the following skills: Cunning: Dodging and
   Stealth.
   Introspection: Fighting and Spellcasting.
 R - the ring "Yskutug" {Wiz rElec rPois Str+6 Stlth-}
   (You found it on level 25 of a ziggurat)

   [ring of wizardry]

   Wiz:       It improves your spell success rate.
   Str+6:     It affects your strength (+6).
   rElec:     It insulates you from electricity.
   rPois:     It protects you from poison Stlth-: It makes you less stealthy.
 T - the cursed ring of Ouranomancy (left hand) {rElec rPois MP+9 Dex+6 Stlth-, Self, Comp}
   (You took it off an ironbound convoker in the Desolation of Salt)

   [ring of dexterity]

   Dex+6:     It affects your dexterity (+6).
   rElec:     It insulates you from electricity.
   rPois:     It protects you from poison MP+9: It affects your magic capacity
   (+9).
   Stlth-:    It makes you less stealthy.
   It has a curse which improves the following skills: Introspection: Fighting
   and Spellcasting.
   Companions: Summonings and Necromancy.
 X - the amulet of the Imp {Reflect Int+6 Dex+3 SH+5}
   (You found it on level 19 of a ziggurat)

   [amulet of reflection]

   Reflect:   It reflects blocked missile attacks.
   Int+6:     It affects your intelligence (+6).
   Dex+3:     It affects your dexterity (+3).
   SH+5:      It affects your SH (+5).
Wands
 k - a wand of flame (209)
 A - a wand of mindburst (75)
 M - a wand of light (65)
 P - a wand of digging (47)
 U - a wand of roots (100)
Scrolls
 f - 2 scrolls of amnesia
 j - 13 scrolls of silence
 o - 30 scrolls of fog
 p - 14 scrolls of poison
 q - 38 scrolls of teleportation
 u - 19 scrolls of enchant weapon
 y - 11 scrolls of revelation
 H - 7 scrolls of blinking
 Y - 9 scrolls of fear
Potions
 i - 23 potions of curing
 m - 9 potions of resistance
 t - 4 potions of invisibility
 w - 6 potions of heal wounds
 E - 8 potions of brilliance
 G - 4 potions of mutation
 J - 9 potions of cancellation
 O - 10 potions of might
 W - a potion of haste
 Z - a potion of ambrosia
Miscellaneous
 z - a figurine of a ziggurat


   Skills:
 + Level 16.3(20.3) Fighting
 + Level 5.5(11.2) Short Blades
 - Level 12.8(15.3) Long Blades
 - Level 12.0(14.1) Staves
 - Level 6.6 Throwing
 + Level 10.1(14.2) Armour
 + Level 24.1(26.8) Dodging
 + Level 12.7(15.8) Stealth
 - Level 3.2(6.7) Shields
 O Level 27 Spellcasting
 - Level 17.9(21.8) Conjurations
 + Level 4.0 Hexes
 - Level 11.2(13.3) Necromancy
 + Level 12.4 Translocations
 - Level 9.2(13.4) Fire Magic
 - Level 11.3(15.4) Ice Magic
 - Level 21.6(25.3) Air Magic
 - Level 21.4(25.2) Earth Magic
 - Level 7.0(11.2) Alchemy
 + Level 8.0 Evocations


You couldn't memorise any spells.
You knew the following spells:

 Your Spells              Type           Power      Damage    Failure   Level
a - Ozocubu's Armour      Ice            82%        N/A       0%          3
b - Blink                 Tloc           100%       N/A       0%          2
c - Mephitic Cloud        Conj/Alch/Air  90%        N/A       0%          3
d - Vampiric Draining     Necr           77%        2d11      1%          3
f - Fireball              Conj/Fire      43%        3d17      1%          5
g - Ozocubu's Refrigerat  Ice            41%        4d16      2%          7
i - Irradiate             Conj/Alch      42%        3d25      1%          5
k - Iskenderun's Mystic   Conj/Tloc      86%        2d17      0%          4
l - Lee's Rapid Deconstr  Erth           50%        3d24*     0%          5
m - Maxwell's Capacitive  Air            50%        ∞         1%          8
n - Ignite Poison         Fire/Alch      75%        N/A       1%          4
o - Orb of Destruction    Conj           47%        9d12      1%          7
p - Apportation           Tloc           100%       N/A       0%          1
r - Frozen Ramparts       Ice            100%       1d16      0%          3
u - Dispel Undead         Necr           77%        3d25      1%          4
w - Fugue of the Fallen   Necr           77%        N/A       1%          3
x - Olgreb's Toxic Radia  Alch           72%        N/A       1%          4
y - Sticky Flame          Fire/Alch      75%        2d12      1%          4
z - Freezing Cloud        Conj/Ice/Air   46%        6-21      0%          5

Your spell library contained the following spells:

 Spells                   Type           Power      Damage    Failure   Level
 Foxfire                  Conj/Fire      100%       2x1d9     0%          1
 Freeze                   Ice            100%       1d10      0%          1
 Kiss of Death            Conj/Necr      100%       2d13      0%          1
 Magic Dart               Conj           100%       1d8       0%          1
 Necrotise                Necr           100%       1d9       0%          1
 Sandblast                Erth           100%       2d20      0%          1
 Shock                    Conj/Air       100%       1d9       0%          1
 Sting                    Conj/Alch      100%       1d9       0%          1
 Cigotuvi's Dreadful Rot  Necr/Alch/Air  100%       N/A       0%          2
 Lesser Beckoning         Tloc           100%       N/A       0%          2
 Mercury Vapours          Alch/Air       100%       N/A       0%          2
 Momentum Strike          Conj/Tloc      100%       3d10      0%          2
 Searing Ray              Conj           100%       2d8       0%          2
 Sublimation of Blood     Necr           77%        N/A       0%          2
 Hailstorm                Conj/Ice       89%        3d14      0%          3
 Passwall                 Erth           100%       N/A       0%          3
 Stone Arrow              Conj/Erth      100%       3d13      0%          3
 Swiftness                Air            100%       N/A       0%          3
 Airstrike                Air            50%        2d(8-24)  0%          4
 Brom's Barrelling Bould  Conj/Erth      98%        2d11      0%          4
 Flame Wave               Conj/Fire      87%        2d19      0%          4
 Fulminant Prism          Conj/Alch      42%        3d19      0%          4
 Leda's Liquefaction      Alch/Erth      44%        N/A       0%          4
 Petrify                  Alch/Erth      88%        N/A       0%          4
 Vhi's Electric Charge    Tloc/Air       100%       N/A       0%          4
 Borgnjor's Vile Clutch   Necr/Erth      45%        N/A       0%          5
 Iskenderun's Battlesphe  Conj           95%        2d14      0%          5
 Bombard                  Conj/Erth      49%        9d8       0%          6
 Conjure Ball Lightning   Conj/Air       49%        3x3d17    0%          6
 Summon Small Mammal      Summ           100%       N/A       1%          1
 Call Imp                 Summ           66%        N/A       1%          2
 Ensorcelled Hibernation  Hex/Ice        100%       N/A       1%          2
 Jinxbite                 Hex            100%       N/A       1%          2
 Confusing Touch          Hex            51%        N/A       1%          3
 Dazzling Flash           Conj/Hex       100%       N/A       1%          3
 Gell's Gravitas          Tloc           75%        N/A       1%          3
 Inner Flame              Hex/Fire       65%        N/A       1%          3
 Sigil of Binding         Hex            51%        N/A       1%          3
 Summon Ice Beast         Ice/Summ       63%        N/A       1%          3
 Teleport Other           Tloc           75%        N/A       1%          3
 Tukima's Dance           Hex            51%        N/A       1%          3
 Volatile Blastmotes      Fire/Tloc      100%       2d18      1%          3
 Anguish                  Hex/Necr       32%        N/A       1%          4
 Animate Armour           Summ/Erth      100%       N/A       1%          4
 Animate Dead             Necr           77%        N/A       1%          4
 Dimensional Bullseye     Hex/Tloc       32%        N/A       1%          4
 Manifold Assault         Tloc           75%        N/A       1%          4
 Martyr's Knell           Necr/Summ      60%        N/A       1%          4
 Passage of Golubria      Tloc           75%        N/A       1%          4
 Summon Blazeheart Golem  Fire/Summ      60%        N/A       1%          4
 Summon Lightning Spire   Summ/Air       76%        N/A       1%          4
 Alistair's Intoxication  Alch           48%        N/A       1%          5
 Curse of Agony           Necr           77%        N/A       1%          5
 Metabolic Englaciation   Hex/Ice        34%        N/A       1%          5
 Silence                  Hex/Air        40%        N/A       1%          5
 Yara's Violent Unravell  Hex/Alch       31%        3d13      1%          5
 Death Channel            Necr           38%        N/A       1%          6
 Dispersal                Tloc           37%        N/A       1%          6
 Plasma Beam              Fire/Air       45%        2x1d59    1%          6
 Sculpt Simulacrum        Ice/Alch       38%        N/A       1%          6
 Starburst                Conj/Fire      43%        6d12      1%          6
 Lehudib's Crystal Spear  Conj/Erth      49%        10d12     1%          8
 Eringya's Noxious Bog    Alch           36%        4d6       2%          6
 Call Canine Familiar     Summ           33%        N/A       3%          3
 Summon Forest            Summ/Tloc      29%        N/A       3%          5
 Spellforged Servitor     Conj/Summ      35%        N/A       13%         7
 Summon Mana Viper        Hex/Summ       42%        N/A       17%         5
 Borgnjor's Revivificati  Necr           38%        N/A       36%         8
 Ignition                 Fire           38%        3d11      36%         8
 Infestation              Necr           38%        N/A       36%         8
 Disjunction              Tloc           37%        N/A       52%         8
 Haunt                    Necr/Summ      30%        N/A       58%         7
 Malign Gateway           Summ/Tloc      29%        N/A       67%         7
 Fire Storm               Conj/Fire      43%        8d11      71%         9
 Summon Cactus Giant      Summ           16%        N/A       89%         6
 Enfeeble                 Hex            25%        N/A       93%         7
 Polar Vortex             Ice            41%        12d5*     95%         9
 Death's Door             Necr           38%        N/A       99%         9
 Monstrous Menagerie      Summ           16%        N/A       100%        7
 Summon Hydra             Summ           16%        N/A       100%        7
 Discord                  Hex            25%        N/A       100%        8
 Summon Horrible Things   Summ           16%        N/A       100%        8


Dungeon Overview and Level Annotations

Branches:
Dungeon (15/15)            Temple (1/1) D:6            Lair (5/5) D:8
 Shoals (4/4) Lair:2       Spider (4/4) Lair:3        Slime (5/5) Lair:5
    Orc (2/2) D:11            Elf (3/3) Orc:2        Vaults (5/5) D:13
  Crypt (3/3) Vaults:2       Tomb (0/3) Crypt:3      Depths (4/4) D:15
    Zot (5/5) Depths:4    Volcano (visited)          WizLab (visited)
Desolation (visited)      Gauntlet (visited)

Altars:
Ashenzari
Cheibriados
Dithmenos
Fedhas
Gozag
Hepliaklqana
Kikubaaqudgha
Makhleb
Nemelex Xobeh
Okawaru
Qazlal
Ru
Sif Muna
Trog
Uskayaw
Vehumet
Wu Jian
Xom
Yredelemnul
Jiyva

Shops:
Orc:2 :*:?   Elf:1 :   Elf:2 *(   Elf:3 =*[*   Shoals:3 [   Vaults:2 *
Vaults:4 *[   Vaults:5 !!!?!??   Depths:2 :?(:

Portals:
Hell: Depths:1 Depths:2 Depths:3 Depths:4
Abyss: Depths:1 Depths:3
Pandemonium: Depths:2

Annotations:
D:8 1 runed translucent door, Tollund's ghost, novice TrSh
D:12 3 runed translucent doors, PyroL's ghost, journeyman DrIE
Spider:3 2 transporters, Wagacrug's ghost, adept DrIE
Vaults:1 1 runed door


Innate Abilities, Weirdness & Mutations

You have a pair of large antennae on your head. (SInv)
You are completely covered in slimy green scales. (AC +4, rPois)
You can hurl damnation.
A meltable icy envelope protects you from harm. (AC +0)
You are completely covered in sharp spines.
You are resistant to unholy torment.
A meltable shield of frost defends you. (SH +0)
You punish those that try to bend your will. (Will+)
You are somewhat resistant to further mutation.
You are robust. (+10% HP)


Message History

Confirm with . or Enter, or press ? or * to list all spells.
You ignite the poison in your surroundings!
The moth of wrath seems to burn from within!!!
You kill the moth of wrath!
The radroach seems to burn from within!!!!
The radroach is almost dead.
The orb spider seems to burn from within!!!
You kill the orb spider!
The torpor snail seems to burn from within!!
The torpor snail is severely wounded.
The jumping spider seems to burn from within!
The jumping spider is severely wounded.
The orb spider seems to burn from within!!
The orb spider is severely wounded.
The broodmother seems to burn from within!!
The broodmother is moderately wounded.
The broodmother is no longer berserk.
You block the demonic crawler's attack.
The demonic crawler completely misses you.
The demonic crawler barely misses you.
A pharaoh ant comes into view.
The radroach bites you!
* * * LOW HITPOINT WARNING * * *
The radroach closely misses you.
The demonic crawler completely misses you.
The demonic crawler misses you. You block the demonic crawler's attack.
The radroach is struck by your spines. The radroach completely misses you.
The radroach barely misses you.
The demonic crawler is struck by your spines.
The demonic crawler barely misses you.
The demonic crawler completely misses you. x2
The jumping spider leaps!
There is a gate leading back out of this place here.
You see here a book of Scorching.
The radroach bites you!!
* * * LOW HITPOINT WARNING * * *
You block the radroach's attack.
The demonic crawler completely misses you.
You block the demonic crawler's attack. The demonic crawler barely misses you.
The jumping spider leaps!
The radroach bites you!!
You die...

,,,,,,,**
,.......▓▓
,........▓
,........▓▓
,.........▓
,.....s.?.▓
,,....)=/:)▓ ,
,.....":)/)▓ ,
,.....[[/@?▓▓ ,
,.....=sBs[?▓
,,,,,,
,.....))ws?▓▓
.....,,,.....)s|:○▓
.............):[):▓
..................▓
..................▓
.................▓▓
..w..............▓


You could see a broodmother (slow), a radroach (berserk), a torpor snail, a
demonic crawler, an orb spider, a jumping spider and a redback.

Vanquished Creatures
  the Royal Jelly (Slime:5)
  17 dread liches
  Tiamat (Zot:1)
  14 ancient liches
  A juggernaut (Depths:3)
  4 orbs of fire (Zot:5)
  Mara (Shoals:4)
  3 pandemonium lords
  Sojobo (Depths:2)
  Boris (4 times) (Vaults:1 Vaults:4 Depths:2 Depths:3)
  Parghit (Depths:4)
  7 Killer Klowns
  8 shard shrikes
  2 curse toes
  A caustic shrike (Depths:3)
  The ghost of Ciogh the Warmonger, a veteran GnWn of Okawaru (Depths:3)
  Nikola (Shoals:4)
  14 golden dragons
  Arachne (Spider:3)
  3 bone dragons
  A Tzitzimitl (Zig:15)
  A doom hound (Zig:15)
  8 electric golems
  20 tentacled monstrosities
  A walking crystal tome (Depths:2)
  Zenata (Vaults:1)
  15 Orb Guardians (Zot:5)
  A tainted leviathan (Zig:15)
  8 Ice Fiends
  Mlioglotl (Spider:4)
  Jorgrun (Spider:1)
  A walking divine tome (Depths:2)
  8 deep elf master archers
  11 deep elf blademasters
  A moon troll (WizLab)
  9 titans
  15 quicksilver dragons
  Asterion (Depths:1)
  2 walking frostbound tomes (Depths:2)
  12 liches
  3 searing wretches
  13 sphinxes
  7 ancient champions
  Frances (Lair:3)
  8 tentacled starspawn
  37 acid blobs
  Polyphemus (Shoals:4)
  6 death cobs
  Kirke (Shoals:4)
  20 tengu reavers
  16 shadow dragons
  4 protean progenitors
  22 storm dragons
  A storm dragon (shapeshifter) (Zig:11)
  30 nagarajas
  2 revenants
  Aizul (Crypt:1)
  14 azure jellies
  7 draconian knights
  Donald (Vaults:1)
  9 fire giants
  The ghost of Zyonedgh the Capitalist, an adept DsMo of Gozag (Shoals:2)
  A fire giant (shapeshifter) (Zig:11)
  7 draconian monks
  15 rockslimes
  12 frost giants
  12 draconian shifters
  A frost giant (shapeshifter) (Zig:11)
  5 emperor scorpions
  15 vault wardens
  16 draconian scorchers
  23 orc warlords
  14 narguns
  5 curse skulls
  13 ghost moths
  An iron dragon (Depths:4)
  3 imperial myrmidons (Desolation)
  A juggernaut zombie (Crypt:2)
  4 ghouls
  12 deep elf sorcerers
  4 reapers
  2 deep elf elementalists
  4 balrugs
  11 draconian stormcallers
  23 ironbound preservers
  3 cacodemons (WizLab)
  A juggernaut skeleton (Crypt:3)
  9 draconian annihilators
  26 very ugly things
  7 broodmothers
  2 spriggan defenders
  3 caustic shrike skeletons (Crypt:3)
  17 quicksilver oozes
  The ghost of Pixtaico the Unseen, an adept FeNe of Elyvilon (Vaults:1)
  5 vampire knights
  An ophan (Depths:2)
  8 ironbound thunderhulks
  21 formless jellyfish
  37 stone giants
  11 green draconians
  6 deep elf death magi
  14 black draconians
  8 deep elf demonologists
  6 red draconians
  13 deep elf annihilators
  16 white draconians
  9 starcursed masses
  A war gargoyle (Vaults:5)
  9 yellow draconians
  5 dire elephants
  A halazid warlock (Desolation)
  9 wendigos (Zig:23)
  11 spark wasps
  A lorocyproca (Zig:17)
  7 purple draconians
  5 blizzard demons
  8 eidola
  Josephine (Lair:5)
  6 merfolk javelineers
  2 green deaths
  7 merfolk impalers
  12 ettins
  A crystal guardian (Desolation)
  6 jiangshi
  A quicksilver dragon zombie (Crypt:2)
  15 entropy weavers
  9 fire dragons
  12 ragged hierophants (Desolation)
  19 great orbs of eyes
  3 rakshasas
  5 hell beasts (Zig:15)
  6 deep elf high priests
  29 vault guards
  A sphinx zombie (Crypt:2)
  18 yaktaur captains
  5 hydras
  10 peacekeepers
  12 ironbound frosthearts
  Erica (Lair:2)
  4 ogre magi
  6 spriggan air magi
  5 catoblepae
  3 ice dragons
  8 servants of whispers (Desolation)
  24 salamander tyrants
  An alligator snapping turtle (Shoals:4)
  5 radroaches
  12 boulder beetles
  4 death knights
  6 anacondas
  A jorogumo (Zig:27)
  A bennu zombie (Crypt:3)
  2 spriggan skeletons (Crypt:3)
  A satyr (Shoals:2)
  2 merfolk avatars (Shoals:1)
  35 dancing weapons
  5 merfolk aquamancers
  6 tengu warriors
  7 centaur warriors
  10 two-headed ogres
  6 hell hogs
  4 naga warriors
  13 death yaks
  5 shock serpents
  Urug (D:13)
  12 deep troll earth magi
  6 deep troll shamans
  24 orc high priests
  5 spriggan berserkers
  10 vampire magi
  2 occultists
  13 demonic crawlers
  2 thrashing horrors (Zig:17)
  10 naga sharpshooters
  A crystal echidna (Zig:15)
  6 sun demons
  15 hell knights
  A spriggan (Depths:1)
  7 soul eaters
  A titan skeleton (Crypt:3)
  27 deep elf knights
  45 skeletal warriors
  10 wretched stars
  2 fire crabs
  18 iron trolls
  2 skysharks
  A spark wasp zombie (Crypt:2)
  5 shadow wraiths
  2 salamander mystics
  A death drake (Gauntlet)
  16 orb spiders
  7 pharaoh ants
  An orange crystal statue (WizLab)
  7 flayed ghosts
  A storm dragon skeleton (Crypt:1)
  12 sea snakes
  An anaconda zombie (Crypt:3)
  A quicksilver dragon simulacrum (Zig:23)
  A spectral wolf spider (Gauntlet)
  16 deep elf archers
  7 glowing orange brains
  4 sun moths
  15 necromancers
  A deep troll (shapeshifter) (Zig:24)
  3 naga ritualists
  An iron giant skeleton (Crypt:3)
  11 arcanists
  2 mana vipers
  59 deep trolls
  2 orb spiders (shapeshifter)
  16 phantasmal warriors
  An anaconda skeleton (Crypt:3)
  38 deep elf zephyrmancers
  10 steelbarb worms
  26 orc knights
  14 harpies
  A steelbarb worm (shapeshifter) (Elf:1)
  2 shadow demons (Zig:17)
  31 wolf spiders
  30 deep elf pyromancers
  6 lindwurms
  25 ironbound convokers
  39 ugly things
  A faun (shapeshifter) (Vaults:2)
  A shadow dragon zombie (Crypt:3)
  18 orc sorcerers
  A fire giant zombie (Vaults:2)
  A human zombie (Vaults:2)
  17 shining eyes
  An eleionoma zombie (Crypt:1)
  6 salamanders
  A shining eye (shapeshifter) (Depths:4)
  15 cyclopes
  20 elephants
  50 moths of wrath
  14 kobold blastminers
  14 manticores
  A manticore (shapeshifter) (Vaults:5)
  4 centaur zombies
  A meliai (shapeshifter) (Zig:24)
  6 fauns
  5 apocalypse crabs
  3 merfolk sirens
  15 naga magi
  4 meliai (Spider:4)
  A stone giant skeleton (Crypt:3)
  30 black mambas
  2 frost giant skeletons
  7 water nymphs
  An eleionoma skeleton (Crypt:3)
  11 guardian serpents
  2 molten gargoyles (Volcano)
  13 torpor snails
  3 centaur skeletons
  16 eyes of devastation
  2 smoke demons
  23 vault sentinels
  3 titan simulacra
  An eye of devastation (shapeshifter) (Vaults:5)
  2 orange demons (Orc:1)
  A storm dragon simulacrum (Zig:23)
  An unseen horror (shapeshifter) (D:13)
  3 gargoyles
  9 rime drakes
  3 unseen horrors
  Maggie (D:10)
  3 dire elephant skeletons
  12 cane toads
  A purple draconian zombie (Crypt:3)
  6 komodo dragons
  9 large abominations
  A bunyip simulacrum (Crypt:2)
  5 hellions
  3 efreet
  3 tormentors
  A tengu conjurer (D:15)
  25 yaktaurs
  An ice devil (Zig:15)
  A guardian mummy (Crypt:3)
  3 freezing wraiths
  4 ancient zymes (Zig:17)
  13 wind drakes
  2 hydra zombies
  2 harpy zombies
  A hellwing (Zig:17)
  13 trolls
  9 hornets
  An iron dragon simulacrum (Zig:14)
  A snapping turtle (shapeshifter) (Zig:19)
  26 tarantellas
  5 raiju
  24 blink frogs
  4 tyrant leeches (Lair:5)
  5 polar bears
  18 merfolk
  75 saltlings
  3 harpy skeletons
  18 dream sheep
  11 glass eyes
  5 snapping turtles
  2 ettin zombies
  110 slime creatures
  39 jumping spiders
  34 culicivoras
  24 water elementals
  An ice dragon skeleton (Crypt:2)
  A ynoxinul (Zig:17)
  20 air elementals
  3 fire elementals
  An ettin skeleton (Crypt:3)
  27 yaks
  A spriggan (shapeshifter) (Zig:8)
  A black mamba skeleton (Crypt:3)
  29 golden eyes
  3 wyverns
  5 hogs (Shoals:4)
  11 fire bats
  13 wraiths
  4 basilisks (Lair:5)
  11 wargs
  Grum (D:10)
  3 steam dragons
  A human (Shoals:4)
  45 redbacks
  7 vampire mosquitoes
  2 neqoxecs
  5 chaos spawn
  A warg (shapeshifter) (Zig:24)
  Edmund (D:5)
  10 nagas
  2 hell hounds
  A demonspawn skeleton (Crypt:3)
  16 water moccasins
  An ettin simulacrum (Crypt:2)
  A cane toad skeleton (Crypt:1)
  74 orc warriors
  24 ogres
  A black bear (D:7)
  An ice beast (Zig:14)
  18 laughing skulls
  A dream sheep zombie (Crypt:1)
  4 small abominations (Depths:3)
  5 boggarts
  9 centaurs
  26 wolves
  A swamp dragon skeleton (Crypt:3)
  A torpor snail zombie (Crypt:1)
  A hog skeleton (Crypt:2)
  A phantom (D:6)
  4 kobold brigands
  Blork the orc (D:4)
  14 bullfrogs
  7 earth elementals
  6 scorpions
  A glowing shapeshifter simulacrum (Vaults:2)
  A necrophage (Crypt:3)
  A burial acolyte (D:8)
  5 wights
  A spriggan zombie (Crypt:3)
  6 howler monkeys
  17 killer bees
  2 vampire bats (Lair:4)
  An electric eel (Spider:1)
  A bombardier beetle (D:2)
  8 lava snakes (Volcano)
  A black bear zombie (Crypt:2)
  4 hounds
  Crazy Yiuf (D:5)
  6 jellies
  18 orc priests
  A sleepcap (D:7)
  A scorpion zombie (Crypt:1)
  Terence (D:3)
  A gnoll bouda (D:7)
  3 iguanas
  32 orc wizards
  3 hell rats (Zig:15)
  A tengu skeleton (Crypt:2)
  12 mummies (Crypt:3)
  4 gnolls
  6 adders
  A howler monkey skeleton (Crypt:1)
  A white imp (D:6)
  An ufetubus (D:7)
  2 adder zombies
  A lava snake zombie (Crypt:3)
  A ribbon worm (D:4)
  2 dart slugs
  91 orcs
  5 ball pythons
  10 endoplasms
  A giant cockroach (D:4)
  6 goblins
  9 hobgoblins
  2 jackals (D:2)
  A quokka (D:4)
  9 bats
  4 frilled lizards
  A frilled lizard skeleton (Crypt:3)
  A gnoll skeleton (Crypt:2)
  2 jackal zombies (D:8)
  8 kobolds
  6 rats
  9 butterflies (Vaults:1)
  4 fire vortices (Zig:11)
  11 starspawn tentacles
3499 creatures vanquished.

Vanquished Creatures (others)
  A shard shrike (Zig:14)
  A pandemonium lord (Zig:11)
  10 Orb Guardians (Zot:5)
  An eldritch tentacle (Vaults:4)
  A nargun (Zig:23)
  A draconian knight (Zig:16)
  A draconian scorcher (Zig:16)
  A draconian stormcaller (Zot:5)
  A green draconian (Zot:5)
  A yellow draconian (Zot:1)
  A white draconian (Zot:5)
  A thrashing horror (Zig:17)
  A deep elf zephyrmancer (Elf:3)
  A moth of wrath (Zot:1)
  A storm dragon simulacrum (Zig:23)
  A rime drake (Zig:14)
  A human (Shoals:4)
  A fire elemental (Elf:3)
  A killer bee (D:9)
  12 starspawn tentacles
40 creatures vanquished.

Grand Total: 3539 creatures vanquished

Notes
Turn   | Place    | Note
-------+----------+-------------------------------------------
     0 | D:1      | Esekla the Demonspawn Wanderer began the quest for the Orb.
     0 | D:1      | Esekla set off with the following items: a +0 dagger, a
                  | potion of haste, a +0 robe, a +0 buckler; and the following
                  | spells available to memorise: Necrotise, Freeze, Kiss of
                  | Death, Vampiric Draining, Hailstorm.
     0 | D:1      | Reached XP level 1. HP: 15/15 MP: 3/3
    95 | D:1      | Learned a level 1 spell: Apportation
   218 | D:2      | Noticed an orc wizard
   424 | D:2      | Gained mutation: You are partially covered in sharp spines.
                  | [demonic ancestry]
   424 | D:2      | Reached XP level 2. HP: 14/21 MP: 5/5
   772 | D:2      | Learned a level 2 spell: Blink
   883 | D:2      | Reached XP level 3. HP: 26/26 MP: 6/6
   930 | D:2      | Learned a level 3 spell: Vampiric Draining
  1537 | D:1      | Reached skill level 1 in Dodging
  2028 | D:3      | Reached XP level 4. HP: 25/32 MP: 3/7
  2041 | D:3      | You fall into a shaft and drop 3 floors!
  2066 | D:6      | Found a staircase to the Ecumenical Temple.
  2089 | Temple   | Entered the Ecumenical Temple
  2122 | Temple   | Became a worshipper of Ashenzari the Shackled
  2208 | D:5      | Entered Level 5 of the Dungeon
  2508 | D:4      | Noticed Blork the orc
  2872 | D:4      | Reached skill level 1 in Short Blades
  2872 | D:4      | Reached skill level 1 in Throwing
  2872 | D:4      | Gained mutation: You are partially covered in slimy green
                  | scales. (AC +2) [demonic ancestry]
  2872 | D:4      | Reached XP level 5. HP: 37/37 MP: 9/9
  2885 | D:4      | Reached skill level 3 in Spellcasting
  2915 | D:4      | Reached skill level 1 in Translocations
  3084 | D:2      | Gained mutation: You are mostly covered in sharp spines.
                  | [demonic ancestry]
  3084 | D:2      | Reached XP level 6. HP: 43/43 MP: 10/10
  3133 | D:3      | Found a snail-covered altar of Cheibriados.
  3139 | D:3      | Found an opulent altar of Gozag.
  3227 | D:3      | Noticed Terence
  3320 | D:3      | Killed Terence
  4598 | D:4      | Killed Blork the orc
  4599 | D:4      | Reached skill level 1 in Long Blades
  4599 | D:4      | Reached skill level 1 in Stealth
  4599 | D:4      | Reached XP level 7. HP: 47/51 MP: 5/12
  4810 | D:4      | Reached skill level 4 in Spellcasting
  5080 | D:5      | Noticed Edmund
  5388 | D:5      | Killed Edmund
  5799 | D:5      | Found a runed translucent door.
  5800 | D:5      | Noticed Crazy Yiuf
  5809 | D:5      | Killed Crazy Yiuf
  5816 | D:5      | Identified the +4 hammer of Regicide {freeze, rN+ Stlth+}
  5923 | D:6      | Got Sif Muna's Parchment of the Shot and Dark Arts
  5939 | D:6      | Learned a level 2 spell: Searing Ray
  5945 | D:6      | Learned a level 5 spell: Fireball
  6045 | D:6      | Identified the +0 pair of boots of a sewer {rPois Dex+2}
  6053 | D:6      | Reached * piety under Ashenzari
  6121 | D:5      | Gained mutation: You have a pair of small antennae on your
                  | head. [demonic ancestry]
  6121 | D:5      | Reached XP level 8. HP: 43/60 MP: 12/14
  6462 | D:6      | Reached skill level 1 in Conjurations
  6596 | D:6      | Reached skill level 1 in Fire Magic
  6669 | D:6      | Learned a level 3 spell: Fugue of the Fallen
  6957 | D:7      | Reached skill level 5 in Fighting
  7072 | D:7      | Gained mutation: You are mostly covered in slimy green
                  | scales. (AC +3) [demonic ancestry]
  7072 | D:7      | Reached XP level 9. HP: 35/68 MP: 12/16
  7256 | D:7      | Reached skill level 5 in Spellcasting
  7445 | D:7      | Reached skill level 5 in Necromancy
  7704 | D:7      | Reached ** piety under Ashenzari
  8008 | D:8      | Found a runed translucent door.
  8064 | D:8      | Found a staircase to the Lair.
  8325 | D:8      | Found an iron altar of Okawaru.
  8439 | D:8      | Noticed Tollund's ghost (novice TrSh)
  8440 | D:8      | Identified the +2 trident "Orb Guardian's Doom" {flame,
                  | Str+2}
  8484 | D:8      | Found an ancient bone altar of Kikubaaqudgha.
  8679 | D:9      | Gained mutation: A meltable shield of frost defends you.
                  | (SH +0) [demonic ancestry]
  8679 | D:9      | Reached XP level 10. HP: 31/79 MP: 1/18
  8941 | D:9      | Reached skill level 6 in Spellcasting
  9357 | D:9      | Noticed a two-headed ogre
  9393 | D:9      | Killed a two-headed ogre
  9784 | D:10     | Entered Level 10 of the Dungeon
 10130 | D:10     | Noticed Maggie
 10143 | D:10     | Killed Maggie
 10153 | D:10     | Noticed Grum
 10159 | D:10     | Killed Grum
 10172 | D:10     | Reached skill level 5 in Conjurations
 10442 | D:11     | Found a gate leading to a gauntlet.
 10472 | D:11     | Reached skill level 7 in Spellcasting
 10505 | D:11     | Found a staircase to the Orcish Mines.
 10511 | D:11     | Noticed a cyclops
 10527 | D:11     | Killed a cyclops
 10528 | D:11     | Gained mutation: You have a pair of antennae on your head.
                  | [demonic ancestry]
 10528 | D:11     | Reached XP level 11. HP: 86/86 MP: 19/21
 10601 | Gauntlet | Entered a Gauntlet
 10601 | Gauntlet | Found a transporter.
 10602 | Gauntlet | Noticed a catoblepas
 10604 | Gauntlet | Found a transporter.
 10604 | Gauntlet | Identified the staff "Gusmycs" {rPois rF+ rCorr Dex+5 Fire}
 10606 | Gauntlet | Found a transporter.
 10628 | Gauntlet | Found a transporter.
 10645 | Gauntlet | Found a transporter.
 10655 | Gauntlet | Noticed a hell beast
 10656 | Gauntlet | Found a transporter.
 10656 | Gauntlet | Found the +1 cloak of Starlight {*Dazzle EV+4 Stlth--}
 10672 | Gauntlet | Found a transporter.
 10672 | Gauntlet | Noticed a death yak
 10672 | Gauntlet | Noticed a death yak
 10673 | Gauntlet | Noticed a death yak
 10674 | Gauntlet | Noticed a death yak
 10674 | Gauntlet | Noticed a death yak
 10674 | Gauntlet | Noticed a death yak
 10681 | Gauntlet | Noticed a death drake
 10682 | Gauntlet | Found a transporter.
 10686 | Gauntlet | Found a transporter.
 10688 | Gauntlet | Found a transporter.
 10689 | Gauntlet | Found a transporter.
 10689 | Gauntlet | Found a runed translucent door.
 10701 | Gauntlet | Found a transporter.
 10706 | Gauntlet | Noticed a blizzard demon
 10720 | Gauntlet | Identified the ring of Mypuzus {Fire rN+ Will+ Int-3
                  | Slay+5}
 10727 | Gauntlet | Found a transporter.
 10729 | Gauntlet | Identified the amulet "Xogynerru" {Faith Regen+ Str+4
                  | Slay-5}
 10744 | Gauntlet | Found a transporter.
 10744 | Gauntlet | Found the +5 moon troll leather armour {Spirit, Regen++
                  | MP+5}
 10808 | Gauntlet | Killed a catoblepas
 11097 | Gauntlet | Killed a death drake
 11098 | Gauntlet | Reached skill level 1 in Armour
 11141 | Gauntlet | Identified the cursed +2 cloak of the Lashed Comet {Melee,
                  | Cun} (You took it off Crazy Yiuf on level 5 of the Dungeon)
 11141 | Gauntlet | Identified the cursed +0 robe "Eternal Shame" {Cun, Elem}
 11280 | Gauntlet | Identified the +3 leather armour "Waviosez" {-Tele +Inv rF-
                  | rN+++}
 11280 | Gauntlet | Identified the ring of Faimocvy {rPois rF+ Str+3 SInv}
 11280 | Gauntlet | Noticed a minotaur
 11803 | D:11     | Noticed a two-headed ogre
 11812 | D:11     | Killed a two-headed ogre
 12140 | D:11     | Noticed a death knight
 12168 | D:11     | Killed a death knight
 12426 | D:11     | Reached skill level 5 in Long Blades
 12552 | Lair:1   | Entered Level 1 of the Lair of Beasts
 12552 | Lair:1   | Found a hide-covered altar of Uskayaw.
 12587 | Lair:1   | Reached skill level 8 in Spellcasting
 12730 | Lair:1   | Found the +8 whip "Snakebite" {venom, curare, rPois}
 13106 | Lair:1   | Reached XP level 12. HP: 97/97 MP: 24/24
 13126 | Lair:2   | Reached skill level 5 in Fire Magic
 13155 | Lair:2   | Reached skill level 10 in Fighting
 13482 | Lair:2   | Noticed Erica
 13498 | Lair:2   | Killed Erica
 13527 | Lair:2   | Found a staircase to the Shoals.
 13558 | Lair:2   | Learned a level 4 spell: Brom's Barrelling Boulder
 14274 | Lair:3   | Reached skill level 1 in Earth Magic
 14300 | Lair:3   | Noticed a catoblepas
 14311 | Lair:3   | Killed a catoblepas
 14417 | Lair:3   | Noticed a death yak
 14442 | Lair:3   | Killed a death yak
 14506 | Lair:3   | Found a dark tunnel.
 14537 | Volcano  | Entered a volcano
 14574 | Volcano  | Reached *** piety under Ashenzari
 14825 | Volcano  | Found a burning altar of Makhleb.
 14845 | Volcano  | Reached XP level 13. HP: 105/105 MP: 25/25
 15270 | Lair:3   | Reached skill level 9 in Spellcasting
 15298 | Lair:3   | Found an ancient bone altar of Kikubaaqudgha.
 15359 | Lair:3   | Found a hole to the Spider Nest.
 15823 | Lair:4   | Reached **** piety under Ashenzari
 16083 | Lair:4   | Reached skill level 5 in Dodging
 16620 | Lair:5   | Entered Level 5 of the Lair of Beasts
 16818 | Lair:5   | Gained mutation: You have a pair of large antennae on your
                  | head. (SInv) [demonic ancestry]
 16818 | Lair:5   | Reached XP level 14. HP: 99/120 MP: 27/29
 16912 | Lair:5   | Reached ***** piety under Ashenzari
 17068 | Lair:5   | Found a runed translucent door.
 17069 | Lair:5   | Noticed an acid blob
 17071 | Lair:5   | Found a staircase to the Slime Pits.
 17071 | Lair:5   | Noticed an acid blob
 17297 | Lair:5   | Noticed Josephine
 17315 | Lair:5   | Killed Josephine
 17325 | Lair:5   | Reached skill level 5 in Earth Magic
 17657 | Lair:5   | Reached skill level 10 in Spellcasting
 17784 | Lair:5   | Reached skill level 10 in Long Blades
 18196 | Orc:1    | Entered Level 1 of the Orcish Mines
 18196 | Orc:1    | Noticed an orc warlord
 18228 | D:11     | Killed an orc warlord
 18395 | Orc:2    | Entered Level 2 of the Orcish Mines
 18453 | Orc:2    | Found Pauske's Antique Weapon Shop.
 18474 | Orc:2    | Found a staircase to the Elven Halls.
 18983 | Orc:2    | Reached XP level 15. HP: 130/130 MP: 31/31
 19002 | Orc:2    | Found Rawoiz Cela's Assorted Antiques.
 19079 | Orc:2    | Found Komnioj's Magic Scroll Shop.
 19113 | Orc:2    | Found Nexkodic's Book Shop.
 19163 | Orc:2    | Found Jeodwemm's Book Shoppe.
 19659 | Orc:2    | Bought a shiny buckler for 232 gold pieces
 19665 | Orc:2    | Bought a pair of runed boots for 232 gold pieces
 19697 | Orc:2    | Bought a book of Winter for 442 gold pieces
 19701 | Orc:2    | Learned a level 3 spell: Ozocubu's Armour
 19701 | Orc:2    | Bought a book of Touch for 286 gold pieces
 19706 | Orc:2    | Learned a level 4 spell: Dispel Undead
 19725 | Orc:2    | Bought an Everburning Encyclopedia for 570 gold pieces
 19730 | Orc:2    | Learned a level 4 spell: Ignite Poison
 19730 | Orc:2    | Bought a book of Transmutation for 420 gold pieces
 19736 | Orc:2    | Learned a level 5 spell: Irradiate
 19756 | Orc:2    | Bought a book of Blasting for 364 gold pieces
 19761 | Orc:2    | Learned a level 4 spell: Iskenderun's Mystic Blast
 19856 | D:12     | Identified a scroll of acquirement
 20118 | D:12     | Found a runed translucent gate.
 20119 | D:12     | Found a runed translucent gate.
 20120 | D:12     | Found a runed translucent gate.
 20121 | D:12     | Noticed PyroL's ghost (journeyman DrIE)
 20459 | D:13     | Reached skill level 1 in Alchemy
 20497 | D:13     | Found a flickering gateway to a bazaar.
 20812 | Bazaar   | Entered a bazaar
 20812 | Bazaar   | Found Xekkoph's Magic Scroll Shop.
 20822 | Bazaar   | Found Nudehesm's Armour Boutique.
 20827 | Bazaar   | Found Kaphuing's Assorted Antiques.
 20842 | Bazaar   | Found Linutesi's General Store.
 20878 | Bazaar   | Found Gimupror's Antique Armour Shoppe.
 20910 | Bazaar   | Bought a potion of mutation for 168 gold pieces
 21023 | D:13     | Noticed Urug
 21037 | D:13     | Killed Urug
 21060 | D:13     | Reached skill level 5 in Armour
 21384 | D:13     | Found a gate to the Vaults.
 21712 | D:14     | Learned a level 4 spell: Olgreb's Toxic Radiance
 22146 | D:14     | Found a runed translucent door.
 22286 | D:15     | Entered Level 15 of the Dungeon
 22423 | D:15     | Reached skill level 11 in Spellcasting
 22442 | D:15     | Found a shimmering altar of Xom.
 22442 | D:15     | Found a shimmering altar of Xom.
 22449 | D:15     | Found a shimmering altar of Xom.
 22449 | D:15     | Found a shimmering altar of Xom.
 22449 | D:15     | Found a shimmering altar of Xom.
 22720 | D:15     | Gained mutation: You are completely covered in sharp
                  | spines. [demonic ancestry]
 22720 | D:15     | Reached XP level 16. HP: 63/141 MP: 13/33
 22817 | D:15     | Found a staircase to the Depths.
 23217 | Spider:1 | Entered Level 1 of the Spider Nest
 23247 | Spider:1 | Learned a level 2 spell: Mercury Vapours
 23277 | Spider:1 | Noticed Frances
 23940 | Lair:3   | Killed Frances
 24052 | Spider:1 | Noticed Jorgrun
 24071 | Spider:1 | Killed Jorgrun
 24168 | Spider:1 | Reached skill level 5 in Alchemy
 24414 | Spider:1 | Upgraded the game from 0.31-a0-1424-g2add1c7226 to
                  | 0.31-a0-1447-g87ca8d402b
 24527 | Spider:2 | Reached skill level 15 in Fighting
 24569 | Spider:2 | Reached skill level 12 in Spellcasting
 24780 | Spider:2 | Reached skill level 5 in Ice Magic
 25249 | Spider:3 | Noticed Arachne
 25265 | Spider:3 | Killed Arachne
 25325 | Spider:3 | Reached XP level 17. HP: 149/149 MP: 24/36
 25423 | Spider:3 | Found a transporter.
 25424 | Spider:3 | Noticed Wagacrug's ghost (adept DrIE)
 25425 | Spider:3 | Found a transporter.
 25439 | Spider:3 | Identified the +4 short sword "Sumeme Domi" {flame,
                  | *Corrode rPois rF- Int+8}
 25512 | Spider:3 | Reached skill level 13 in Spellcasting
 25664 | Spider:3 | Reached skill level 10 in Conjurations
 26029 | Spider:4 | Entered Level 4 of the Spider Nest
 26198 | Spider:4 | Noticed Mlioglotl
 26354 | Spider:3 | Learned a level 4 spell: Sticky Flame
 27009 | Spider:4 | Reached skill level 14 in Spellcasting
 27330 | Spider:4 | Killed Mlioglotl
 27544 | Spider:4 | Got a gossamer rune of Zot
 27711 | Shoals:1 | Entered Level 1 of the Shoals
 27820 | Shoals:2 | Reached skill level 10 in Necromancy
 28108 | Shoals:1 | Found a burning altar of Makhleb.
 28265 | Shoals:1 | Reached skill level 1 in Air Magic
 28318 | Shoals:1 | Gained mutation: You punish those that try to bend your
                  | will. (Will+) [demonic ancestry]
 28318 | Shoals:1 | Reached XP level 18. HP: 154/157 MP: 39/39
 28827 | Shoals:2 | Reached skill level 15 in Spellcasting
 29069 | Shoals:2 | Found a runed translucent door.
 29069 | Shoals:2 | Noticed Zyonedgh's ghost (adept DsMo)
 29086 | Shoals:2 | Killed Zyonedgh's ghost
 29459 | Shoals:2 | Acquired a book of Air
 29467 | Shoals:2 | Learned a level 5 spell: Freezing Cloud
 29541 | Shoals:3 | Found Fimnau Sipt's Armour Emporium.
 30240 | Orc:2    | Bought a scroll of enchant armour for 135 gold pieces
 30619 | Shoals:4 | Entered Level 4 of the Shoals
 30619 | Shoals:4 | Found a stormy altar of Qazlal.
 30632 | Shoals:4 | Paralysed by an air elemental for 1 turns
 30653 | Shoals:4 | Noticed Mara
 30659 | Shoals:4 | Noticed Esekla's illusion
 30661 | Shoals:4 | Killed Mara
 31082 | Shoals:4 | Noticed Nikola
 31082 | Shoals:4 | Found a blossoming altar of Fedhas.
 31095 | Shoals:4 | Killed Nikola
 31333 | Shoals:4 | Paralysed by an air elemental for 1 turns
 31341 | Shoals:4 | Paralysed by an air elemental for 1 turns
 31633 | Shoals:4 | Paralysed by an air elemental for 1 turns
 31642 | Shoals:4 | Noticed Polyphemus
 31646 | Shoals:4 | Reached skill level 16 in Spellcasting
 31674 | Shoals:4 | Killed Polyphemus
 31922 | Shoals:4 | Paralysed by an air elemental for 1 turns
 32033 | Shoals:4 | Upgraded the game from 0.31-a0-1447-g87ca8d402b to
                  | 0.31-a0-1469-gd420192249
 32067 | Shoals:4 | Paralysed by an air elemental for 1 turns
 32070 | Shoals:4 | Got a barnacled rune of Zot
 32190 | Shoals:4 | Noticed Kirke
 32212 | Shoals:4 | Killed Kirke
 32939 | Vaults:1 | Entered Level 1 of the Vaults
 32977 | Vaults:1 | Noticed Zenata
 33102 | Elf:1    | Entered Level 1 of the Elven Halls
 33114 | Elf:1    | Learned a level 5 spell: Lee's Rapid Deconstruction
 33165 | Elf:1    | Found Jusodweu's Book Emporium.
 33206 | Elf:1    | Found a crumbling gateway.
 33251 | Desolati | Entered the Desolation of Salt
 33535 | Desolati | Identified the Papyrus of Floating Shadows
 33585 | Desolati | Gained mutation: You are resistant to unholy torment.
                  | [demonic ancestry]
 33585 | Desolati | Reached XP level 19. HP: 164/164 MP: 40/42
 33603 | Desolati | Identified the ring "Malimidi" {+Blink rPois Will+ Str+6
                  | Stlth-}
 33645 | Desolati | Found the +2 ratskin cloak {*Rats rPois rN+ Str-1 Int-1
                  | Dex+1}
 33661 | Desolati | Identified Eshipuf's Parchment of Warped Impurities
 33772 | Desolati | Reached skill level 17 in Spellcasting
 33783 | Desolati | Reached skill level 1 in Staves
 33949 | Desolati | Identified the +1 robe of Koddedit {Will- Str+6}
 33949 | Desolati | Identified Tatet's Vellum of Transposed Hermetica
 34017 | Desolati | Identified the ring "Ykhlusch" {*Slow rF+ rCorr Int+3}
 34100 | Desolati | Identified the ring "Viugh" {rElec rPois MP+9 Dex+6 Stlth-}
 34954 | Elf:1    | Paralysed by an air elemental for 1 turns
 36395 | Elf:2    | Found Myxtum's Assorted Antiques.
 36405 | Elf:2    | Bought a lumpy purple potion for 33 gold pieces
 36571 | Elf:2    | Found Fity's Weapon Shop.
 36650 | Elf:2    | Reached skill level 5 in Staves
 37010 | Elf:2    | Found a huge runed translucent gate.
 37010 | Elf:2    | Found a huge runed translucent gate.
 37010 | Elf:2    | Found a huge runed translucent gate.
 37010 | Elf:2    | Found a huge runed translucent gate.
 37011 | Elf:2    | Found a huge runed translucent gate.
 37131 | Elf:3    | Entered Level 3 of the Elven Halls
 37139 | Elf:3    | Found Noloabiq's General Store.
 37229 | Elf:3    | Found Xokiumm's General Store.
 37244 | Elf:3    | Reached skill level 18 in Spellcasting
 37318 | Elf:3    | Found a flickering gateway to a bazaar.
 37331 | Elf:3    | Identified the +0 leather armour of Resourcefulness {Str+4}
 37338 | Elf:3    | Reached skill level 5 in Stealth
 37392 | Bazaar   | Entered a bazaar
 37392 | Bazaar   | Found Padoaran's General Store.
 37392 | Bazaar   | Found Foagegat's Jewellery Shop.
 37392 | Bazaar   | Found Reyzol's Armour Boutique.
 37392 | Bazaar   | Found Reoleq's Armour Shop.
 37392 | Bazaar   | Found Lacleseo's Jewellery Boutique.
 37419 | Bazaar   | Bought a +2 cloak of preservation for 258 gold pieces
 37429 | Bazaar   | Bought a potion of heal wounds for 50 gold pieces
 37558 | Elf:3    | Found Lusyil's Antique Armour Shop.
 37601 | Elf:3    | Reached skill level 5 in Air Magic
 37690 | Elf:3    | Found the +11 Singing Sword {sonic wave}
 37794 | Elf:3    | Gained mutation: You are completely covered in slimy green
                  | scales. (AC +4, rPois) [demonic ancestry]
 37794 | Elf:3    | Reached XP level 20. HP: 139/174 MP: 9/46
 37823 | Abyss:3  | Cast into level 3 of the Abyss (a ghostly deep elf
                  | sorcerer)
 37826 | Elf:3    | Escaped the Abyss
 38170 | Elf:2    | Identified the blade talisman of Clean Surprise {Str+7}
 38548 | Elf:3    | Bought the Unrestrained Analects for 704 gold pieces
 38556 | Elf:3    | Learned a level 7 spell: Ozocubu's Refrigeration
 38748 | Elf:3    | Found Jeiplo Poxu's Jewellery Shoppe.
 38774 | Elf:3    | Found the +8 pair of quick blades "Gyre" and "Gimble"
                  | {protect}
 38889 | Elf:3    | Reached skill level 19 in Spellcasting
 39102 | Elf:3    | Identified the +4 mace of Proximity {drain, rElec rPois
                  | Will+}
 39273 | Elf:3    | Identified the +9 plate armour "Ceqef" {rC+ SInv}
 39313 | Elf:3    | Identified the Almanac of Arenous Weather
 39394 | Elf:3    | Identified the +2 rapier of Muisume {freeze, ^Contam rPois
                  | rF+ rN+}
 39395 | Elf:3    | Identified the +0 robe "Hana" {^Drain Will++ Regen+ Stlth+}
 39427 | Elf:3    | Identified the staff of the Hurling Queen {Int+3 Conj}
 39428 | Elf:3    | Identified the Volume of Firn and the Syncline
 39767 | Vaults:1 | Killed Zenata
 40013 | Vaults:1 | Found a huge runed gate.
 40013 | Vaults:1 | Found a huge runed gate.
 40013 | Vaults:1 | Found a huge runed gate.
 40013 | Vaults:1 | Found a huge runed gate.
 40013 | Vaults:1 | Found a huge runed gate.
 40013 | Vaults:1 | Found a huge runed gate.
 40013 | Vaults:1 | Found a huge runed gate.
 40014 | Vaults:1 | Found a huge runed gate.
 40014 | Vaults:1 | Found a huge runed gate.
 40014 | Vaults:1 | Found a huge runed gate.
 40015 | Vaults:1 | Found a huge runed gate.
 40016 | Vaults:1 | Found a huge runed gate.
 40017 | Vaults:1 | Found a huge runed gate.
 40018 | Vaults:1 | Found a huge runed gate.
 40019 | Vaults:1 | Found a huge runed gate.
 40027 | Vaults:1 | Found a huge runed gate.
 40027 | Vaults:1 | Found a huge runed gate.
 40027 | Vaults:1 | Found a huge runed gate.
 40027 | Vaults:1 | Found a huge runed gate.
 40027 | Vaults:1 | Found a huge runed gate.
 40027 | Vaults:1 | Found a huge runed gate.
 40027 | Vaults:1 | Found a huge runed gate.
 40028 | Vaults:1 | Found a huge runed gate.
 40029 | Vaults:1 | Found a huge runed gate.
 40037 | Vaults:1 | Found a huge runed gate.
 40037 | Vaults:1 | Found a huge runed gate.
 40037 | Vaults:1 | Found a huge runed gate.
 40037 | Vaults:1 | Found a huge runed gate.
 40037 | Vaults:1 | Found a huge runed gate.
 40037 | Vaults:1 | Found a huge runed gate.
 40037 | Vaults:1 | Found a huge runed gate.
 40038 | Vaults:1 | Found a huge runed gate.
 40039 | Vaults:1 | Found a huge runed gate.
 40047 | Vaults:1 | Found a huge runed gate.
 40047 | Vaults:1 | Found a huge runed gate.
 40047 | Vaults:1 | Found a huge runed gate.
 40050 | Vaults:1 | Noticed Donald
 40055 | Vaults:1 | Killed Donald
 40140 | Vaults:1 | Found a runed translucent door.
 40143 | Vaults:1 | Noticed Pixtaico's ghost (adept FeNe)
 40152 | Vaults:1 | Upgraded the game from 0.31-a0-1469-gd420192249 to
                  | 0.31-a0-1499-ge0622b2318
 40253 | Vaults:1 | Identified the +3 spear of Turmoil {freeze, rPois}
 40447 | Vaults:1 | Noticed Boris
 40475 | Vaults:1 | Killed Boris
 40924 | Vaults:1 | Reached XP level 21. HP: 184/184 MP: 45/49
 40925 | Vaults:1 | Reached skill level 20 in Spellcasting
 41148 | Vaults:1 | Identified the ring "Wizaxkye" {rF+ rC+ rN++}
 41245 | Vaults:1 | Reached skill level 5 in Throwing
 41245 | Vaults:1 | Reached XP level 22. HP: 192/192 MP: 50/50
 41246 | Vaults:1 | Gained mutation: A meltable icy envelope protects you from
                  | harm. (AC +0) [demonic ancestry]
 41246 | Vaults:1 | Reached XP level 23. HP: 198/198 MP: 51/51
 41251 | Vaults:1 | Killed Pixtaico's ghost
 41396 | Vaults:2 | Identified the +1 ring mail of Dishonour {Int+2}
 41428 | Vaults:2 | Paralysed by a sphinx for 4 turns
 41762 | Vaults:2 | Found a staircase to the Crypt.
 41934 | Vaults:2 | Found the +5 Storm Queen's Shield {shock, Fly rElec}
 42124 | Vaults:2 | Found Nuummixu's Assorted Antiques.
 42210 | Vaults:2 | Bought a scroll of enchant armour for 210 gold pieces
 43010 | Vaults:3 | Paralysed by a formless jellyfish for 1 turns
 43139 | Vaults:3 | Reached skill level 21 in Spellcasting
 44211 | Vaults:3 | Learned a level 8 spell: Maxwell's Capacitive Coupling
 44991 | Vaults:4 | Identified the Compilation of Allies and Hoarfrost
 45023 | Vaults:4 | Noticed Boris
 45049 | Vaults:4 | Killed Boris
 45362 | Vaults:4 | Found Xaownati's General Store.
 45754 | Vaults:4 | Reached skill level 22 in Spellcasting
 46209 | Vaults:4 | Found Uduxkicw's Armour Boutique.
 46355 | Crypt:1  | Entered Level 1 of the Crypt
 46465 | Crypt:1  | Found a magical portal.
 46512 | WizLab   | Entered Lehudib's Moon Base
 46544 | WizLab   | Gained mutation: You can hurl damnation. [demonic ancestry]
 46544 | WizLab   | Reached XP level 24. HP: 176/197 MP: 45/52
 46611 | WizLab   | Found a transporter.
 46612 | WizLab   | Identified the ring "Fukan" {rPois rC+}
 47215 | WizLab   | Identified the ring of Temperance {rPois rC+ rN+++ Str-5
                  | Stlth-}
 47539 | WizLab   | Found a transporter.
 47917 | WizLab   | Identified the +3 troll leather armour "Sittoshrui" {rElec
                  | rC+ rN+ Regen+}
 48019 | WizLab   | Gained mutation: You are vulnerable to heat. (rF-) [a
                  | cacodemon]
 48022 | WizLab   | Gained mutation: You are frail. (-10% HP) [a cacodemon]
 48084 | WizLab   | Lost mutation: You are frail. (-10% HP) [potion of
                  | mutation]
 48084 | WizLab   | Lost mutation: You are vulnerable to heat. (rF-) [potion of
                  | mutation]
 48084 | WizLab   | Gained mutation: You have sharp toenails. [potion of
                  | mutation]
 48084 | WizLab   | Gained mutation: You are partially covered in large bone
                  | plates. (SH +4) [potion of mutation]
 48084 | WizLab   | Gained mutation: You are weak. (Str -2) [potion of
                  | mutation]
 48084 | WizLab   | Gained mutation: You have hidden genetic potential. [potion
                  | of mutation]
 48424 | Crypt:1  | Reached skill level 23 in Spellcasting
 48653 | Crypt:1  | Identified the serpent talisman "Dunenemaof" {rN++}
 48653 | Crypt:1  | Noticed Aizul
 48858 | Crypt:1  | Killed Aizul
 49117 | Crypt:1  | Upgraded the game from 0.31-a0-1499-ge0622b2318 to
                  | 0.31-a0-1522-g43313d8a59
 50098 | Crypt:3  | Entered Level 3 of the Crypt
 50392 | Crypt:2  | Upgraded the game from 0.31-a0-1522-g43313d8a59 to
                  | 0.31-a0-1529-g7bd419a0e5
 50745 | Crypt:3  | Reached skill level 10 in Ice Magic
 51080 | Crypt:3  | Reached skill level 10 in Staves
 51216 | Crypt:3  | Found a staircase to the Tomb.
 51388 | Crypt:3  | Reached skill level 24 in Spellcasting
 51684 | Crypt:3  | Found a basalt altar of Yredelemnul.
 52155 | Crypt:3  | Reached XP level 25. HP: 188/205 MP: 51/54
 52611 | Crypt:3  | Noticed a dread lich
 52625 | Crypt:3  | Killed a dread lich
 52937 | Depths:1 | Entered Level 1 of the Depths
 53215 | Depths:1 | Noticed Asterion
 53837 | Depths:1 | Found a one-way gate to the infinite horrors of the Abyss.
 54001 | Depths:1 | Gained mutation: You have a somewhat thin skeletal
                  | structure. (Dex +2, Stealth+) [hidden potential]
 54059 | Depths:1 | Found a gateway to Hell.
 54081 | Depths:1 | Killed Asterion
 54084 | Depths:1 | Reached skill level 25 in Spellcasting
 54440 | Depths:1 | Reached skill level 10 in Air Magic
 54665 | Depths:1 | Upgraded the game from 0.31-a0-1529-g7bd419a0e5 to
                  | 0.31-a0-1540-g5a0b83f448
 54932 | Depths:2 | Found a one-way gate leading to the halls of Pandemonium.
 54990 | Depths:2 | Found a one-way gateway to a ziggurat.
 55046 | Depths:2 | Found Tery's Book Emporium.
 55046 | Depths:2 | Found Gemoeq's Book Shoppe.
 55047 | Depths:2 | Found Koosk's Magic Scroll Shoppe.
 55049 | Depths:2 | Found Ruijag's Weapon Emporium.
 55080 | Depths:2 | Noticed Boris
 55471 | Depths:2 | Killed Boris
 56200 | Depths:2 | Identified the amulet of Ephemeral Luck {RegenMP Stlth+}
 56200 | Depths:2 | Identified the Grimoire of Portals and the Commander
 56566 | Depths:2 | Identified the Folio of the Volatile Catacomb
 56570 | Depths:2 | Gained mutation: You occasionally lose the ability to drink
                  | potions when taking damage. [a shining eye]
 56675 | Depths:2 | Reached skill level 26 in Spellcasting
 56704 | Depths:2 | Noticed Sojobo
 56713 | Depths:2 | Killed Sojobo
 56840 | Depths:2 | Learned a level 7 spell: Orb of Destruction
 56882 | Depths:3 | Noticed Ciogh's ghost (veteran GnWn)
 56886 | Depths:3 | Noticed Boris
 56886 | Depths:3 | Noticed a juggernaut
 56896 | Depths:3 | Killed Boris
 57005 | Depths:3 | Found a transporter.
 57156 | Depths:3 | Gained mutation: A meltable icy envelope protects you from
                  | harm. (AC +0) [demonic ancestry]
 57156 | Depths:3 | Reached XP level 26. HP: 216/216 MP: 49/54
 57387 | Depths:3 | Found a bloodstained altar of Trog.
 57997 | Depths:3 | Identified the +0 helmet "Xaur" {rPois rF++ Str-5 Stlth+}
 58093 | Depths:3 | Found a transporter.
 58162 | Depths:3 | Identified the +0 cloak "Ijuethib" {Rampage rN+}
 58310 | Depths:3 | Killed a juggernaut
 58656 | Depths:3 | Killed Ciogh's ghost
 59471 | Slime:1  | Entered Level 1 of the Pits of Slime
 59479 | Slime:1  | Gained mutation: Armour fits poorly on your strangely
                  | shaped body. [a shining eye]
 59480 | Slime:1  | Gained mutation: Your body sometimes deteriorates upon
                  | taking damage. [a shining eye]
 59663 | Slime:1  | Reached skill level 27 in Spellcasting
 60060 | Slime:1  | Reached skill level 10 in Dodging
 60786 | Slime:3  | Paralysed by a formless jellyfish for 1 turns
 61535 | Slime:5  | Entered Level 5 of the Pits of Slime
 61565 | Slime:5  | Gained mutation: You have sharp fingernails. [a shining
                  | eye]
 61750 | Slime:5  | Reached skill level 10 in Earth Magic
 61975 | Slime:5  | Gained mutation: Your flesh is heat resistant. (rF+) [a
                  | shining eye]
 62795 | Slime:5  | Found a viscous altar of Jiyva.
 62801 | Slime:5  | Noticed the Royal Jelly
 62810 | Slime:5  | Killed the Royal Jelly
 62811 | Slime:5  | Identified the amulet of Niatoqix {RegenMP +Blink rPois
                  | Will+ Dex-2}
 62978 | Slime:5  | Gained mutation: You are very weak. (Str -4) [a shining
                  | eye]
 62996 | Slime:5  | Got a slimy rune of Zot
 63024 | Slime:5  | Identified the ring "Poz Seag" {rF+ Str+2 SInv}
 63109 | Slime:5  | Identified the Octavo of Baneful Malediction
 63109 | Slime:5  | Identified the staff "Por Qauh" {rPois rC+ rCorr Stlth+
                  | Hexes Alchemy}
 63993 | Depths:4 | Entered Level 4 of the Depths
 64067 | Depths:4 | Noticed Parghit
 64073 | Depths:4 | Killed Parghit
 64096 | Depths:4 | Reached skill level 5 in Translocations
 64252 | Depths:4 | Reached XP level 27. HP: 226/226 MP: 43/54
 64489 | Depths:4 | Found a gate to the Realm of Zot.
 65389 | Zot:1    | Entered Level 1 of the Realm of Zot
 65729 | Zot:1    | Gained mutation: Your natural rate of healing is unusually
                  | fast. [hidden potential]
 65729 | Zot:1    | Lost mutation: You have hidden genetic potential. [hidden
                  | potential expressed]
 66013 | Depths:4 | Lost mutation: You are partially covered in large bone
                  | plates. (SH +4) [potion of mutation]
 66013 | Depths:4 | Lost mutation: You have a somewhat thin skeletal structure.
                  | (Dex +2, Stealth+) [potion of mutation]
 66013 | Depths:4 | Lost mutation: Your flesh is heat resistant. (rF+) [potion
                  | of mutation]
 66013 | Depths:4 | Gained mutation: You have hidden genetic potential. [potion
                  | of mutation]
 66013 | Depths:4 | Gained mutation: You expend magic power (3 MP) to
                  | strengthen your wands. [potion of mutation]
 66013 | Depths:4 | Gained mutation: Your movements are slightly less
                  | encumbered by armour. (ER -2) [potion of mutation]
 67308 | Vaults:5 | Entered Level 5 of the Vaults
 67421 | Vaults:5 | Found Eqaod's Distillery.
 67433 | Vaults:5 | Found Mucloefa's Magic Scroll Shoppe.
 67441 | Vaults:5 | Found Bischouk's Distillery.
 67452 | Vaults:5 | Found Zihoot's Magic Scroll Emporium.
 67479 | Vaults:5 | Noticed a dread lich
 67483 | Vaults:5 | Killed a dread lich
 67484 | Vaults:5 | Reached skill level 15 in Air Magic
 67617 | Vaults:5 | Found Ruociyse's Distillery.
 67633 | Vaults:5 | Identified the ring "Nuisiuc" {rCorr Int+6}
 67659 | Vaults:5 | Found Qaeluevio's Distillery.
 67698 | Vaults:5 | Found Luthronuq's Magic Scroll Emporium.
 67830 | Vaults:5 | Identified the +1 dire flail "Jeadimof" {elec, Str+4}
 67834 | Vaults:5 | Identified the +3 spear "Demonspawn's Peril" {venom, rElec
                  | Str+4}
 68048 | Vaults:5 | Found the brooch of Shielding {Spirit SH+8}
 68050 | Vaults:5 | Noticed a dread lich
 68056 | Vaults:5 | Killed a dread lich
 68068 | Vaults:5 | Got a silver rune of Zot
 68786 | Vaults:5 | Upgraded the game from 0.31-a0-1540-g5a0b83f448 to
                  | 0.31-a0-1549-g5ff9445e89
 69175 | Zot:2    | Identified the +8 falchion "Nisycze" {flame, rElec Str-4
                  | Dex+6}
 69229 | Zot:2    | Found the +4 dragonskin cloak
 69229 | Zot:2    | Noticed Tiamat
 69427 | Zot:2    | Reached skill level 1 in Evocations
 69889 | Zot:2    | Gained mutation: Your flesh is heat resistant. (rF+)
                  | [hidden potential]
 70447 | Zot:1    | Killed Tiamat
 70482 | Zot:2    | Reached skill level 15 in Earth Magic
 70915 | Zot:3    | Reached skill level 5 in Short Blades
 71973 | Zot:4    | Identified the +2 robe "Foip" {Str-5 Int+4}
 71992 | Zot:4    | Reached skill level 15 in Dodging
 72065 | Zot:4    | Acquired 888 gold pieces
 72151 | Zot:4    | Identified the +6 morningstar of Qeff {protect, Will+ rCorr
                  | Str+3 Dex+3}
 72162 | Zot:4    | Noticed a dread lich
 72166 | Zot:4    | Killed a dread lich
 72167 | Zot:4    | Reached skill level 10 in Stealth
 72722 | Zot:4    | Noticed a dread lich
 72736 | Zot:4    | Killed a dread lich
 72975 | Zot:5    | Entered Level 5 of the Realm of Zot
 73149 | Zot:5    | Noticed an orb of fire
 73155 | Zot:5    | Gained mutation: You sometimes lose the ability to drink
                  | potions when taking damage. [an orb of fire]
 73158 | Zot:5    | Killed an orb of fire
 73703 | Orc:2    | Bought a book of Sloth for 520 gold pieces
 73707 | Orc:2    | Learned a level 3 spell: Frozen Ramparts
 74432 | Zot:5    | Noticed a dread lich
 74440 | Zot:5    | Killed a dread lich
 74452 | Zot:5    | Noticed an ancient lich
 74506 | Zot:5    | Noticed an orb of fire
 74637 | Zot:5    | Noticed a dread lich
 74645 | Zot:5    | Killed a dread lich
 74664 | Zot:5    | Noticed a dread lich
 74685 | Zot:5    | Noticed a dread lich
 74697 | Zot:5    | Killed a dread lich
 74698 | Zot:5    | Noticed an orb of fire
 74705 | Zot:5    | Noticed an ancient lich
 74705 | Zot:5    | Lost mutation: You have hidden genetic potential. [an orb
                  | of fire]
 74709 | Zot:5    | Noticed an orb of fire
 75104 | Crypt:1  | Lost mutation: You have sharp toenails. [potion of
                  | mutation]
 75104 | Crypt:1  | Lost mutation: You are very weak. (Str -4) [potion of
                  | mutation]
 75104 | Crypt:1  | Lost mutation: You sometimes lose the ability to drink
                  | potions when taking damage. [potion of mutation]
 75104 | Crypt:1  | Gained mutation: Your spells are a little easier to cast,
                  | but a little less powerful. [potion of mutation]
 75104 | Crypt:1  | Gained mutation: You possess an exceptional clarity of
                  | mind. [potion of mutation]
 75105 | Crypt:1  | Lost mutation: You possess an exceptional clarity of mind.
                  | [potion of mutation]
 75105 | Crypt:1  | Lost mutation: You are weak. (Str -2) [potion of mutation]
 75105 | Crypt:1  | Lost mutation: Your natural rate of healing is unusually
                  | fast. [potion of mutation]
 75105 | Crypt:1  | Gained mutation: You are weak. (Str -2) [potion of
                  | mutation]
 75105 | Crypt:1  | Gained mutation: You have very sharp fingernails. [potion
                  | of mutation]
 75106 | Crypt:1  | Lost mutation: Your flesh is heat resistant. (rF+) [potion
                  | of mutation]
 75106 | Crypt:1  | Lost mutation: You occasionally lose the ability to drink
                  | potions when taking damage. [potion of mutation]
 75106 | Crypt:1  | Gained mutation: Your movements are less encumbered by
                  | armour. (ER -4) [potion of mutation]
 75106 | Crypt:1  | Gained mutation: You occasionally lose the ability to read
                  | scrolls when taking damage. [potion of mutation]
 75106 | Crypt:1  | Lost mutation: You are weak. (Str -2) [potion of mutation]
 75186 | Crypt:3  | Lost mutation: You occasionally lose the ability to read
                  | scrolls when taking damage. [potion of mutation]
 75186 | Crypt:3  | Lost mutation: Your body sometimes deteriorates upon taking
                  | damage. [potion of mutation]
 75186 | Crypt:3  | Lost mutation: Your spells are a little easier to cast, but
                  | a little less powerful. [potion of mutation]
 75186 | Crypt:3  | Gained mutation: Your magical capacity is low. (-10% MP)
                  | [potion of mutation]
 75305 | Vaults:5 | Lost mutation: Your movements are less encumbered by
                  | armour. (ER -4) [potion of mutation]
 75305 | Vaults:5 | Lost mutation: Armour fits poorly on your strangely shaped
                  | body. [potion of mutation]
 75305 | Vaults:5 | Lost mutation: You expend magic power (3 MP) to strengthen
                  | your wands. [potion of mutation]
 75305 | Vaults:5 | Gained mutation: You have sharp toenails. [potion of
                  | mutation]
 75541 | Elf:1    | Lost mutation: You have sharp toenails. [potion of
                  | mutation]
 75541 | Elf:1    | Lost mutation: Your movements are slightly less encumbered
                  | by armour. (ER -2) [potion of mutation]
 75541 | Elf:1    | Lost mutation: You have very sharp fingernails. [potion of
                  | mutation]
 75541 | Elf:1    | Gained mutation: Your spells are a little harder to cast,
                  | but a little more powerful. [potion of mutation]
 75541 | Elf:1    | Gained mutation: Your skin changes colour to match your
                  | surroundings (Stealth+). [potion of mutation]
 75542 | Elf:1    | Lost mutation: You have sharp fingernails. [potion of
                  | mutation]
 75542 | Elf:1    | Lost mutation: Your skin changes colour to match your
                  | surroundings (Stealth+). [potion of mutation]
 75542 | Elf:1    | Lost mutation: Your spells are a little harder to cast, but
                  | a little more powerful. [potion of mutation]
 75542 | Elf:1    | Gained mutation: You are agile. (Dex +4, Str/Int -1)
                  | [potion of mutation]
 75542 | Elf:1    | Gained mutation: Your mind is acute. (Int +4, Str/Dex -1)
                  | [potion of mutation]
 75542 | Elf:1    | Gained mutation: You are very agile. (Dex +8, Str/Int -2)
                  | [potion of mutation]
 75543 | Elf:1    | Lost mutation: Your magical capacity is low. (-10% MP)
                  | [potion of mutation]
 75543 | Elf:1    | Lost mutation: Your mind is acute. (Int +4, Str/Dex -1)
                  | [potion of mutation]
 75543 | Elf:1    | Lost mutation: You are very agile. (Dex +8, Str/Int -2)
                  | [potion of mutation]
 75543 | Elf:1    | Gained mutation: Your magical capacity is low. (-10% MP)
                  | [potion of mutation]
 75543 | Elf:1    | Gained mutation: You have large cloven feet. [potion of
                  | mutation]
 75544 | Elf:1    | Lost mutation: Your magical capacity is low. (-10% MP)
                  | [potion of mutation]
 75544 | Elf:1    | Lost mutation: You have large cloven feet. [potion of
                  | mutation]
 75544 | Elf:1    | Lost mutation: You are agile. (Dex +4, Str/Int -1) [potion
                  | of mutation]
 75544 | Elf:1    | Gained mutation: You are partially covered in large bone
                  | plates. (SH +4) [potion of mutation]
 75544 | Elf:1    | Gained mutation: You have a somewhat thin skeletal
                  | structure. (Dex +2, Stealth+) [potion of mutation]
 75940 | Zot:5    | Killed a dread lich
 75953 | Zot:5    | Killed an orb of fire
 76115 | Zot:5    | Killed an orb of fire
 76210 | Zot:5    | Noticed an ancient lich
 76223 | Zot:5    | Killed an ancient lich
 76420 | Zot:5    | Killed an ancient lich
 76458 | Zot:5    | Killed an orb of fire
 76502 | Zot:5    | Killed an ancient lich
 76749 | Depths:2 | Upgraded the game from 0.31-a0-1549-g5ff9445e89 to
                  | 0.31-a0-1570-g93c622d222
 77012 | Vaults:5 | Bought a potion of magic for 120 gold pieces
 77038 | Vaults:5 | Bought 2 potions of magic for 224 gold pieces
 77038 | Vaults:5 | Bought a potion of heal wounds for 70 gold pieces
 77038 | Vaults:5 | Bought a potion of heal wounds for 70 gold pieces
 77361 | Elf:1    | Bought a book of the Senses for 560 gold pieces
 77365 | Elf:1    | Learned a level 3 spell: Mephitic Cloud
 77756 | Orc:2    | Bought a scroll of blinking for 135 gold pieces
 77756 | Orc:2    | Bought a scroll of blinking for 135 gold pieces
 78094 | Zig:1    | Entered Level 1 of a ziggurat
 78150 | Zig:2    | Entered Level 2 of a ziggurat
 78150 | Zig:2    | Noticed Lycruip the pandemonium lord
 78157 | Zig:2    | Gained mutation: You occasionally shout uncontrollably at
                  | your foes. [a shining eye]
 78158 | Zig:2    | Killed Lycruip the pandemonium lord
 78224 | Zig:3    | Entered Level 3 of a ziggurat
 78224 | Zig:3    | Identified the +1 robe of Modern Music {Harm rPois Dex-3}
 78278 | Zig:4    | Entered Level 4 of a ziggurat
 78278 | Zig:4    | Identified the +2 robe "Fahi" {Will+}
 78349 | Zig:5    | Entered Level 5 of a ziggurat
 78383 | Zig:6    | Entered Level 6 of a ziggurat
 78386 | Zig:6    | Noticed a dread lich
 78386 | Zig:6    | Identified the staff of Shrieking Terror {rElec Int+3 Air}
 78395 | Zig:6    | Killed a dread lich
 78444 | Zig:7    | Entered Level 7 of a ziggurat
 78462 | Zig:7    | Identified the +3 halberd "Ultimatum" {holy, ^Drain rElec
                  | rF+ rCorr}
 78556 | Zig:8    | Entered Level 8 of a ziggurat
 78561 | Zig:8    | Identified the +6 dagger of the Lurker {freeze, rF+ MP+9
                  | Str+2}
 78562 | Zig:8    | Identified the +3 plate armour of Hairiness {Dex+2}
 78580 | Zig:8    | Found the +7 great mace "Firestarter" {flame, immolate,
                  | rFlCloud rF++}
 78623 | Zig:9    | Entered Level 9 of a ziggurat
 78631 | Zig:9    | Identified the ring "Wuedic" {rPois rF+++ rC+ Dex+6 Slay-4}
 78632 | Zig:9    | Noticed an ancient lich
 78642 | Zig:9    | Killed an ancient lich
 78715 | Zig:9    | Identified Khufu's Opusculum on the Autopsy
 78768 | Zig:10   | Entered Level 10 of a ziggurat
 78776 | Zig:10   | Identified the Parchment of the Butcher
 78949 | Zig:10   | Identified the +6 trident "Ajeluget" {drain, rPois rCorr
                  | Dex+4}
 78950 | Zig:10   | Identified the +7 dagger "Afeb" {flame, ^Drain rN+ Will+
                  | Dex+3}
 79054 | Zig:11   | Entered Level 11 of a ziggurat
 79071 | Zig:11   | Noticed Pozej the pandemonium lord
 79073 | Zig:11   | Noticed Wed Zeg the pandemonium lord
 79073 | Zig:11   | Noticed Jusur the pandemonium lord
 79124 | Zig:11   | Killed Jusur the pandemonium lord
 79135 | Zig:11   | Killed Pozej the pandemonium lord
 79135 | Zig:11   | Killed Wed Zeg the pandemonium lord
 79158 | Zig:11   | Found the +2 hood of the Assassin {Detect Stab+ Stlth++}
 79159 | Zig:11   | Identified Edwok's Compilation of Amassed Pyromania
 79241 | Zig:12   | Entered Level 12 of a ziggurat
 79252 | Zig:12   | Paralysed by an air elemental for 1 turns
 79271 | Zig:12   | Paralysed by an air elemental for 1 turns
 79396 | Zig:12   | Identified the +8 scale mail of the Trombone {rF++ Str+2
                  | Int-5}
 79458 | Zig:13   | Entered Level 13 of a ziggurat
 79482 | Zig:13   | Found the +4 Cigotuvi's embrace {Corpsefed rMiasma ^Drain
                  | rN+}
 79548 | Zig:13   | Identified the ring "Ruwnea Gekko" {rC- EV+5 Int+2 Dex+2}
 79548 | Zig:13   | Identified the +4 helmet of Quimekyn {rC++ SInv}
 79600 | Zig:14   | Entered Level 14 of a ziggurat
 79620 | Zig:14   | Identified the +4 battleaxe of Wounding {venom, rC+ Stlth+}
 79620 | Zig:14   | Identified the ring of Balance {rPois rF- rC+ rCorr Str+6}
 79623 | Zig:14   | Identified the ring "Hiusmofa" {Wiz ^Contam rElec Will+
                  | Stlth+}
 79623 | Zig:14   | Found the +13 scythe of Curses {drain, curses, ^Drain}
 79623 | Zig:14   | Identified the +8 short sword of Sasorchorgh {antimagic,
                  | *Rage rC++ Will+ SInv}
 79924 | Zig:15   | Entered Level 15 of a ziggurat
 80085 | Zig:15   | Identified the Vellum of Bewitching Fever
 80085 | Zig:15   | Identified the +1 ring mail of Femom {rF++ MP+9 Stlth+}
 80152 | Zig:15   | Lost mutation: You are partially covered in large bone
                  | plates. (SH +4) [potion of mutation]
 80152 | Zig:15   | Lost mutation: You have a somewhat thin skeletal structure.
                  | (Dex +2, Stealth+) [potion of mutation]
 80152 | Zig:15   | Lost mutation: You occasionally shout uncontrollably at
                  | your foes. [potion of mutation]
 80152 | Zig:15   | Gained mutation: You are robust. (+10% HP) [potion of
                  | mutation]
 80152 | Zig:15   | Gained mutation: You are agile. (Dex +4, Str/Int -1)
                  | [potion of mutation]
 80152 | Zig:15   | Gained mutation: You are strong-willed. (Will+) [potion of
                  | mutation]
 80152 | Zig:15   | Gained mutation: You are somewhat resistant to further
                  | mutation. [potion of mutation]
 80163 | Zig:16   | Entered Level 16 of a ziggurat
 80214 | Zig:16   | Found the amulet of the Four Winds {rN+ Will+++ Clar}
 80214 | Zig:16   | Identified the +3 arbalest of Nightmares {penet, rElec
                  | rPois rF+}
 80214 | Zig:16   | Identified the +2 hand axe of Indomitability {flame, rN+
                  | rCorr Dex+2}
 80214 | Zig:16   | Found the +3 greatsling "Punk" {acid, rCorr}
 80214 | Zig:16   | Identified the +7 scale mail "Ciastrum" {Regen+ MP-9 Str+3
                  | SInv}
 80400 | Zig:17   | Entered Level 17 of a ziggurat
 80459 | Zig:17   | Identified the +0 robe of the Past {Will+ Slay+2}
 80746 | Zig:17   | Identified the Directory of the Hierophant
 80747 | Zig:17   | Identified the staff "Xyall" {Str+3 Int-2 Tloc Earth}
 80747 | Zig:17   | Identified the +9 great sword of Piryl Ruaty {venom, Will+
                  | Dex-3 SInv}
 80749 | Zig:17   | Identified the ring of Qocesch {Will+ MP+9 Dex+4}
 80749 | Zig:17   | Identified Jyjutey's Compilation of the Grave and Illusion
 80843 | Zig:18   | Entered Level 18 of a ziggurat
 80870 | Zig:18   | Paralysed by an air elemental for 1 turns
 81183 | Zig:18   | Identified the Octavo of Friendly Destruction
 81183 | Zig:18   | Identified the ring "Munoto" {rCorr Int+6 Dex-2}
 81184 | Zig:18   | Identified the staff of Iqaili {rN+ rCorr Str+4 Necro}
 81186 | Zig:18   | Identified the staff "Ihippoir" {rPois Str+4 Stlth+
                  | Alchemy}
 81186 | Zig:18   | Identified the ring of Diuvuhil {rC+ rCorr MP+9}
 81282 | Zig:19   | Entered Level 19 of a ziggurat
 81333 | Zig:19   | Noticed an ancient lich
 81333 | Zig:19   | Identified the amulet "Hece" {Reflect Str+3 Dex+3 SH+5}
 81356 | Zig:19   | Identified the staff "Ohigasum" {rC+ rN++ Int+2 Ice}
 81358 | Zig:19   | Noticed an ancient lich
 81358 | Zig:19   | Noticed a dread lich
 81358 | Zig:19   | Identified Cymow's Folio of Unstable Mortification
 81358 | Zig:19   | Identified the amulet of the Imp {Reflect Int+6 Dex+3 SH+5}
 81360 | Zig:19   | Noticed a dread lich
 81362 | Zig:19   | Noticed an ancient lich
 81369 | Zig:19   | Killed an ancient lich
 81431 | Zig:19   | Killed a dread lich
 81435 | Zig:19   | Killed an ancient lich
 81529 | Zig:19   | Killed an ancient lich
 81533 | Zig:19   | Killed a dread lich
 81620 | Zig:19   | Identified the ring "Ycatais" {rElec rPois rC+ Int-4
                  | Slay+3}
 81621 | Zig:19   | Identified the ring of Makhleb's Hope {rF+ Slay+3 SInv}
 81621 | Zig:19   | Identified the ring of Ixuquch {*Slow rPois rN++ rCorr
                  | MP+9}
 81621 | Zig:19   | Identified the Papyrus of Friendly Conflict
 81749 | Zig:20   | Entered Level 20 of a ziggurat
 81998 | Zig:20   | Identified the +6 sling of the Moon {heavy, Will+ Int+3}
 81999 | Zig:20   | Found the +9 staff of Olgreb {rPois∞}
 82001 | Zig:20   | Identified the +1 pair of gloves of the Ego {rPois rC-
                  | Str+6 Stlth+}
 82002 | Zig:20   | Identified the +0 leather armour "Peoguosk" {Rampage}
 82086 | Zig:21   | Entered Level 21 of a ziggurat
 82136 | Zig:21   | Upgraded the game from 0.31-a0-1570-g93c622d222 to
                  | 0.31-a0-1576-ga3383bade6
 82329 | Zig:21   | Identified the +6 battleaxe "Weoruv" {venom, rElec Dex+2}
 82330 | Zig:21   | Identified the +4 short sword "Naquas" {venom, rPois rF-
                  | Will+}
 82436 | Zig:22   | Entered Level 22 of a ziggurat
 82587 | Zig:22   | Gained mutation: You are dopey. (Int -2) [a shining eye]
 82629 | Zig:22   | Reached skill level 10 in Translocations
 82935 | Zig:22   | Identified the ring "Axtaarin" {rCorr Str+4}
 82935 | Zig:22   | Identified the +3 shortbow of Incongruity {heavy, ^Drain
                  | Will+ rCorr SInv}
 82962 | Zig:22   | Identified the ring "Duwiy" {rElec rC+ rN++ Dex-2 Stlth+}
 82962 | Zig:22   | Identified the +5 rapier of the Snake Pit {flame, *Rage
                  | Will+ Dex+3}
 83034 | Zig:22   | Lost mutation: You are agile. (Dex +4, Str/Int -1) [potion
                  | of mutation]
 83034 | Zig:22   | Lost mutation: You are strong-willed. (Will+) [potion of
                  | mutation]
 83034 | Zig:22   | Lost mutation: You are dopey. (Int -2) [potion of mutation]
 83034 | Zig:22   | Gained mutation: You are clumsy. (Dex -2) [potion of
                  | mutation]
 83034 | Zig:22   | Lost mutation: You are clumsy. (Dex -2) [potion of
                  | mutation]
 83052 | Zig:23   | Entered Level 23 of a ziggurat
 83103 | Zig:23   | Paralysed by a wendigo for 1 turns
 83112 | Zig:23   | Paralysed by a wendigo for 1 turns
 83124 | Zig:23   | Noticed an ancient lich
 83134 | Zig:23   | Found the +8 Vampire's Tooth {megavamp}
 83134 | Zig:23   | Identified the +5 morningstar "Atasyuk" {drain, rElec
                  | Stlth+}
 83134 | Zig:23   | Identified the Exposition on Wintry Phlogiston
 83134 | Zig:23   | Identified the staff "Apnulebb" {*Slow rElec rN+ Str+7 Conj
                  | Necro}
 83134 | Zig:23   | Identified the amulet "Teoll" {Faith *Corrode *Slow rElec
                  | Int+8}
 83134 | Zig:23   | Identified the +5 scale mail of Stoicism {Str+3}
 83183 | Zig:23   | Paralysed by a wendigo for 1 turns
 83390 | Zig:23   | Killed an ancient lich
 83484 | Zig:23   | Paralysed by a wendigo for 1 turns
 83572 | Zig:24   | Entered Level 24 of a ziggurat
 83622 | Zig:24   | Noticed a dread lich
 83624 | Zig:24   | Noticed a dread lich
 83625 | Zig:24   | Noticed a dread lich
 83627 | Zig:24   | Noticed a dread lich
 83636 | Zig:24   | Killed a dread lich
 83637 | Zig:24   | Paralysed by a dread lich for 4 turns
 83642 | Zig:24   | Killed a dread lich
 83644 | Zig:24   | Killed a dread lich
 83645 | Zig:24   | Killed a dread lich
 83647 | Zig:24   | Noticed an ancient lich
 83651 | Zig:24   | Noticed an ancient lich
 83651 | Zig:24   | Noticed a dread lich
 83651 | Zig:24   | Noticed an ancient lich
 83651 | Zig:24   | Noticed an ancient lich
 83651 | Zig:24   | Noticed an ancient lich
 83671 | Zig:24   | Noticed an ancient lich
 83757 | Zig:24   | Killed an ancient lich
 83765 | Zig:24   | Killed an ancient lich
 83768 | Zig:24   | Reached skill level 5 in Evocations
 83793 | Zig:24   | Killed an ancient lich
 83802 | Zig:24   | Killed an ancient lich
 83896 | Zig:24   | Killed an ancient lich
 83917 | Zig:24   | Killed an ancient lich
 83919 | Zig:24   | Noticed a dread lich
 83919 | Zig:24   | Killed a dread lich
 84147 | Zig:24   | Identified the +2 sling "Zoitso" {elec, *Corrode Int+4}
 84149 | Zig:24   | Found the +8 demon blade "Leech" {evervamp, Harm ^Drain
                  | rN+}
 84149 | Zig:24   | Identified the +4 ring mail of the Okapi {Rampage +Inv
                  | Int+9 Dex-2}
 84149 | Zig:24   | Identified the ring "Piso" {*Corrode rF+ rC+ Int+6}
 84227 | Zig:25   | Entered Level 25 of a ziggurat
 84740 | Zig:25   | Found the ring of the Hare {EV+10}
 84741 | Zig:25   | Identified the ring "Koto" {Int+3 Dex+6}
 84741 | Zig:25   | Identified the ring "Yskutug" {Wiz rElec rPois Str+6
                  | Stlth-}
 84741 | Zig:25   | Identified the +7 dagger of Excruciating Pain {venom,
                  | *Noise rPois Will+++ rCorr}
 84773 | Zig:25   | Identified the +0 chain mail "Veasenats" {rElec Will- Str+2
                  | SInv}
 84773 | Zig:25   | Identified the Essays on the Fateful Squall
 84774 | Zig:25   | Found the +3 pair of mountain boots {steadfast, rC+}
 84774 | Zig:25   | Identified the amulet "Sukhym" {Acrobat Str+2}
 84775 | Zig:25   | Found the +5 glaive of the Guard {elec, spectral}
 84776 | Zig:25   | Identified the ring of Ziti {rElec rF+ rC+ Str+2}
 84905 | Zig:26   | Entered Level 26 of a ziggurat
 85054 | Zig:26   | Reached skill level 10 in Armour
 85248 | Zig:26   | Identified the amulet "Ilao" {Reflect Rampage rPois SH+5
                  | Stlth+}
 85248 | Zig:26   | Identified the staff of Slow Death {rElec rC+ Str-3 Ice
                  | Earth}
 85248 | Zig:26   | Identified Duceschaa's Cyclopedia of Mutagenic Assembling
 85249 | Zig:26   | Identified the ring of Veinu {rPois Will- MP+9 Str+5}
 85338 | Zig:27   | Entered Level 27 of a ziggurat
 85443 | Zig:27   | Identified the +0 robe "Hisoeps" {Int+5 Archmagi}
 85443 | Zig:27   | Identified the staff "Asahox" {rPois rN+++ Str-5 Dex-2
                  | Necro Alchemy}
 85443 | Zig:27   | Identified the Vademecum on the Bonfire and the Fair Folk
 85443 | Zig:27   | Identified the Handbook of Fulgent Curses
 85443 | Zig:27   | Identified the +6 rapier of the First Bones {vamp, rC-
                  | Int+5}
 85443 | Zig:27   | Identified the +9 dagger "Kooziysi" {heavy, rPois rC- rCorr
                  | Dex+3}
 85443 | Zig:27   | Found the +3 crown of Dyrovepreva {rElec Int+2 SInv}
 85443 | Zig:27   | Identified the amulet "Tucep" {RegenMP rPois MP+9 Str-2
                  | Dex+3}
 85444 | Zig:27   | Identified the Incunable of Warped Burning
 85444 | Zig:27   | Identified the +0 spear of Diejaylese {heavy, rPois Int+2}
 85444 | Zig:27   | Identified the +4 scimitar of Impatience {freeze, MP-9
                  | Str+3 Int+2}
 85454 | Zig:27   | Slain by a radroach

Illustrated notes

Levels and vault maps discovered:
D:1:      spicycebolla_arrival_risky_transporter, layout_basic,
          kennysheep_decorative_pillar, serial_bayou_pond_b
D:2:      layout_basic, dk_noncrumbling_3, kennysheep_generic_room_4
D:3:      layout_basic, minitemple, serial_curves, eino_curves_03,
          eino_curves_03, grunt_ministairs_8, minmay_fractal_squares_gapless_5,
          uniq_terence
D:4:      layout_loops_corners, supply_closet_lemuel, minmay_manual_mail,
          uniq_blork_the_orc
D:5:      layout_basic, overflow_temple_1_default, uniq_crazy_yiuf_cottage,
          uniq_edmund
D:6:      layout_cave_pools, minmay_temple_entry_gardened_gates,
          patterned_corridor
D:7:      layout_cave_pools, kennysheep_pointless_box,
          chequers_serial_rivers_small_b, hangedman_decor_clover_reticule,
          minmay_increasing_density
D:8:      layout_loops_ring, lemuel_zombie_altar_kikubaaqudgha, okawaru_trees_2,
          dpeg_oklobed_lair, ebering_ghost_funeral_grove,
          serial_library_hellmonk_small_alcove, kennysheep_generic_room_14
D:9:      layout_loops_ring
D:10:     layout_roguey, uniq_maggie, uniq_grum
D:11:     layout_irregular_city, erik_orc_3, gauntlet_entry_generic
D:12:     layout_roguey, gammafunk_ghost_spectres
D:13:     nooodl_glass_maze, layout_irregular_city, david_vaults_5,
          serial_shops, bzr_entry_gold, uniq_urug
D:14:     layout_irregular_city, wad_hexagon
D:15:     grunt_enter_depths_snipers, layout_cross, xom_redecorated
Temple:   lightli_temple_of_artemis
Lair:1:   layout_misc_corridors, basic_altar, lemuel_fruit_tree
Lair:2:   layout_small_grid, nicolae_shoals_entry_flooding, minmay_hedge_maze,
          uniq_erica
Lair:3:   layout_roguey, hellmonk_spider_entry_life_and_decay, basic_altar,
          nicolae_volcano_entry_batcave
Lair:4:   layout_hall_layers, roderic_batcave
Lair:5:   wormcave, layout_concentric_octagons, hangedman_lair_in_review,
          slime_entry_2, lemuel_fruit_fields, uniq_josephine
Shoals:1: layout_shoals, lemuel_centaur_altar
Shoals:2: layout_shoals, ebering_ghost_inner_flame
Shoals:3: layout_shoals, serial_shops, nicolae_square_shop
Shoals:4: shoals_end_hellmonk_storm_palace [storm_palace_center_ruins,
          storm_palace_corner_pillars, storm_palace_corner_altar,
          storm_palace_corner_altar, storm_palace_corner_reverse_hut],
          uniq_polyphemus, uniq_mara, uniq_nikola, uniq_kirke
Spider:1: layout_spider_delve, uniq_jorgrun, uniq_frances
Spider:2: layout_cave_pods
Spider:3: layout_spider_delve, gammafunk_ghost_arena, uniq_arachne
Spider:4: grunt_spider_rune_island, drop_trap, uniq_mlioglotl
Slime:1:  layout_caves, cheibrodos_slime_lost_civilization_7
Slime:2:  layout_caves
Slime:3:  layout_caves
Slime:4:  layout_caves
Slime:5:  slime_pit_nicolae_block_by_block
Orc:1:    layout_caves, einodemon_barbed_minivault
Orc:2:    hellmonk_orc_salted, layout_caves, serial_shops,
          nicolae_shop_tiny_statue_garden
Elf:1:    layout_geoelf_grid, portal_desolation_entry_nicolae_slug,
          serial_shops, nicolae_square_shop, evilmike_minifort
Elf:2:    elven_hall_of_blades_hangedman_alternative
          [nicolae_blade_little_rooms], layout_loops_corners, serial_shops,
          shop_statue, nicolae_take_the_stairs
Elf:3:    minmay_elf_hall, layout_geoelf_grid, serial_shops, freezing_bzr, shop,
          nicolae_shop_crystal, shop, nicolae_shop_waterfront, minivault_11,
          hellmonk_guarded_unrand_gyre_and_gimble
Vaults:1: hellmonk_ghost_big_iron, hangedman_vaults_impose,
          nicolae_vaults_mush_room, v_misc_33, nicolae_vaults_more_shelving_2,
          nicolae_vaults_turnstiles, vaults_room_fours, vaults_dpeg_ring,
          ontoclasm_vaults_ligature, not_door_vault_mu, vaults_room_fours,
          layout_vaults_maze_snakey, uniq_zenata, uniq_donald, uniq_boris
Vaults:2: nicolae_vaults_closet_pinwheel_1, minmay_crypt_entry_simple_box,
          nicolae_vaults_lightning_bolt, ontoclasm_vaults_gateway,
          nicolae_vaults_shipping_containers_6, v_pattern_4,
          vaults_standard_mumra_enter_the_diamond, ontoclasm_vaults_eye,
          nicolae_vaults_house_3, layout_vaults_chaotic_city, serial_shops, shop
Vaults:3: nicolae_vaults_closet_pinwheel_5, nicolae_vaults_security_offices_6,
          nicolae_vaults_apartment_2, hangedman_vaults_nails,
          nicolae_vaults_twisting_passages, vaults_standard_mumra_lines,
          v_misc_14, hangedman_vaults_restitches, v_misc_27,
          nicolae_vaults_double_plus_2, v_misc_15, layout_vaults_omnicross
Vaults:4: nicolae_vaults_tetromino_Z_2, nicolae_vaults_yaktaur_gun_rack,
          nicolae_vaults_stepped_doors, vaults_dpeg_encased_lava,
          vaults_standard_mumra_enter_the_diamond, vaults_room_fancy_cross,
          v_pattern_2, nicolae_vaults_asterisk, vaults_room_pool,
          nicolae_vaults_more_shelving_1, nicolae_vaults_little_squares_3,
          nicolae_vaults_taking_the_gang_shopping,
          nicolae_vaults_trapezoid_lopsided_3, layout_vaults_ring, serial_shops,
          nicolae_square_shop
Vaults:5
Crypt:1:  layout_regular_city, mu_enter_wizlab_6, st_stairs_3,
          amcnicky_mini_pool_small, st_small_mortuary, uniq_grunn, uniq_aizul
Crypt:2:  layout_rooms, minivault_26, grunt_megastairs_4
Crypt:3:  church_of_pain_bobbens, layout_chaotic_city,
          nicolae_tomb_entry_unfolded_pyramid_orthogonal,
          serial_library_hellmonk_open_square
Depths:1: layout_gridlike, hellmouth_3, minmay_misc_feat_encased, abyss_entry,
          kennysheep_generic_room_2, uniq_asterion
Depths:2: minmay_tile_spiral, layout_small_grid, enter_ziggurat_b,
          pf_coc_iceberg, rand_demon_pan_entry_7, hangedman_eye_storm,
          infiniplex_staircase_squiggle, minmay_shoptagon, uniq_sojobo
Depths:3: minmay_blocking_statues, layout_gridlike, minmay_room_of_horrors,
          pf_hell_entry_tar_spiral, gammafunk_ghost_arena, tgw_trog
Depths:4: grunt_crosshair, layout_cave_pools, nicolae_hexahallways,
          pf_dread_powers_of_hell, hex_large, uniq_parghit
Zot:1:    layout_gridlike, grunt_ministairs_11, zot_minivault_5
Zot:2:    layout_misc_corridors, bh_zot_lava_cross, uniq_tiamat
Zot:3:    layout_gridville, regret_index_zotdec_split_disrupt,
          grunt_megastairs_2
Zot:4:    hellmonk_crystal_mountain, layout_gridlike
Zot:5:    layout_gridlike
Zig:27

Skill      XL: |  1  2  3  4  5  6  7  8  9 10 11 12 13 14 15 16 17 18 19 20 21 22 23 24 25 26 27 |
---------------+----------------------------------------------------------------------------------+-----
Ice Magic      | 2 3 5 6 7 8 9 10 11 | 11.3
Shields        | 3 |  3.2
Dodging        | 1 2 3 4 5 6 7 8 9 10 24 | 24.1
Short Blades   | 1 2 3 4 5 |  5.5
Throwing       | 1 2 3 4 5 6 |  6.6
Spellcasting   | 3 4 5 7 8 9 10 11 12 14 16 18 19 20 22 24 26 27 | 27.0
Necromancy     | 3 4 6 7 8 9 10 11 | 11.2
Translocations | 1 2 3 4 5 12 | 12.4
Fighting       | 2 4 5 7 8 9 10 12 13 14 15 16 | 16.3
Long Blades    | 1 2 3 5 6 8 10 11 12 | 12.8
Stealth        | 1 2 3 4 5 7 12 | 12.7
Conjurations   | 2 3 5 6 7 8 9 10 17 | 17.9
Fire Magic     | 2 3 4 6 7 8 9 |  9.2
Armour         | 2 4 5 10 | 10.1
Earth Magic    | 2 4 5 6 8 9 11 21 | 21.4
Alchemy        | 4 6 7 |  7.0
Air Magic      | 1 3 5 6 7 8 9 10 12 21 | 21.6
Staves         | 5 8 9 10 12 | 12.0
Evocations     | 8 |  8.0
Hexes          | 4 |  4.0

Action                     |  1- 3 |  4- 6 |  7- 9 | 10-12 | 13-15 | 16-18 | 19-21 | 22-24 | 25-27 || total
---------------------------+-------+-------+-------+-------+-------+-------+-------+-------+-------++-------
  Melee: Dagger            |   101 |    80 |   166 |    15 |     8 |    19 |     8 |    32 |    62 ||   491
         Falchion          |       |    37 |     3 |       |       |       |       |       |       ||    40
         Scimitar          |       |       |    62 |   400 |  1122 |   664 |   113 |       |       ||  2361
         Long sword        |       |       |       |       |       |       |    30 |       |       ||    30
         Double sword      |       |       |       |       |       |       |    49 |    10 |   192 ||   251
         Bo                |       |       |       |       |       |       |    83 |   202 |  1461 ||  1746
         Demon blade       |       |       |       |       |       |       |       |       |    20 ||    20
  Throw: Dart              |    13 |    10 |    14 |    49 |    31 |     6 |    31 |    37 |   119 ||   310
         Boomerang         |    11 |    13 |     1 |    16 |     4 |    42 |    20 |    76 |   365 ||   548
         Javelin           |       |       |       |       |       |       |       |     3 |     5 ||     8
   Cast: Apportation       |     5 |    15 |     5 |     8 |    18 |    28 |    45 |    42 |    91 ||   257
         Vampiric Draining |     1 |     9 |    15 |    25 |       |     5 |     3 |     3 |    11 ||    72
         Blink             |       |       |     6 |     5 |     1 |     2 |     1 |     9 |    35 ||    59
         Fugue of the Fall |       |       |     7 |    21 |    41 |    32 |    14 |    21 |    62 ||   198
         Searing Ray       |       |       |       |     2 |       |       |       |       |       ||     2
         Fireball          |       |       |       |     2 |    10 |    78 |    10 |    89 |   115 ||   304
         Ignite Poison     |       |       |       |       |     5 |   108 |    96 |   103 |   274 ||   586
         Ozocubu's Armour  |       |       |       |       |     3 |    68 |    66 |   117 |   271 ||   525
         Iskenderun's Myst |       |       |       |       |     1 |     2 |       |     1 |     6 ||    10
         Olgreb's Toxic Ra |       |       |       |       |       |   105 |    80 |    64 |   200 ||   449
         Mercury Vapours   |       |       |       |       |       |    96 |    75 |    92 |   218 ||   481
         Irradiate         |       |       |       |       |       |    12 |    20 |    29 |   156 ||   217
         Sticky Flame      |       |       |       |       |       |    25 |    44 |   198 |   352 ||   619
         Lee's Rapid Decon |       |       |       |       |       |    23 |    50 |     3 |    23 ||    99
         Dispel Undead     |       |       |       |       |       |     4 |     5 |   183 |   129 ||   321
         Freezing Cloud    |       |       |       |       |       |     1 |    11 |     6 |   131 ||   149
         Ozocubu's Refrige |       |       |       |       |       |       |     2 |       |    58 ||    60
         Maxwell's Capacit |       |       |       |       |       |       |       |     3 |    11 ||    14
         Orb of Destructio |       |       |       |       |       |       |       |       |    64 ||    64
         Frozen Ramparts   |       |       |       |       |       |       |       |       |    17 ||    17
         Mephitic Cloud    |       |       |       |       |       |       |       |       |    14 ||    14
 Invoke: Curse Item        |       |     1 |     2 |     3 |     3 |     1 |     2 |       |     3 ||    15
         Shatter the Chain |       |       |       |     1 |     2 |       |     1 |     1 |     2 ||     7
  Evoke: Wand              |       |     1 |     3 |       |       |     5 |     5 |       |    43 ||    57
    Use: Potion            |     4 |     2 |     1 |    17 |     1 |     2 |     8 |     6 |    66 ||   107
         Scroll            |       |       |     8 |     6 |     4 |     7 |     1 |     2 |    37 ||    65
   Stab: Sleeping          |     1 |     2 |     9 |     3 |    11 |     7 |     7 |    17 |    44 ||   101
         Petrified         |       |       |       |       |     4 |       |       |       |       ||     4
         Distracted        |       |       |       |       |     1 |       |     2 |     1 |     5 ||     9
         Petrifying        |       |       |       |       |       |     1 |       |       |       ||     1
         Confused          |       |       |       |       |       |       |       |       |     1 ||     1
 Armour: Robe              |    48 |    50 |   126 |   112 |       |       |       |       |       ||   336
         Skin              |    11 |       |       |    11 |       |       |       |       |       ||    22
         Troll leather arm |       |       |       |   167 |   593 |   734 |   290 |   338 |  1804 ||  3926
  Dodge: Dodged            |    39 |    56 |   140 |   238 |   557 |   602 |   213 |   335 |  2509 ||  4689
  Block: Buckler           |    19 |    24 |    67 |   214 |   478 |   604 |   214 |   436 |  1920 ||  3976

Table legend: (Time is in decaauts)
 A = Elapsed time spent in this place.
 B = Non-inter-level travel time spent in this place.
 C = Inter-level travel time spent in this place.
 D = Time resting spent in this place.
 E = Time spent auto-exploring this place.
 F = Levels seen in this place.
 G = Mean time per level.
                   A        B        C        D        E       F      G
               +--------+--------+--------+--------+--------+-----+--------+
         Total |  84214 |  75210 |   9004 |  16040 |  19047 |  90 |  935.7 |
       Dungeon |  17457 |  13971 |   3486 |   1210 |   5242 |  15 | 1163.8 |
        Temple |     62 |     54 |      8 |      0 |      0 |   1 |   62.0 |
          Lair |   6256 |   5557 |    699 |    660 |   2354 |   5 | 1251.2 |
        Shoals |   4385 |   4123 |    262 |    734 |   1822 |   4 | 1096.2 |
   Spider Nest |   3727 |   3585 |    142 |    906 |    827 |   4 |  931.8 |
    Slime Pits |   3878 |   3784 |     94 |    888 |   1205 |   5 |  775.6 |
  Orcish Mines |   1983 |   1304 |    679 |      9 |    549 |   2 |  991.5 |
   Elven Halls |   5037 |   4766 |    271 |    922 |    879 |   3 | 1679.0 |
        Vaults |   9139 |   7842 |   1297 |   1098 |   2021 |   5 | 1827.8 |
         Crypt |   5132 |   4702 |    430 |   1538 |    764 |   3 | 1710.7 |
        Depths |   8143 |   7225 |    918 |   2451 |   1299 |   4 | 2035.8 |
           Zot |   7392 |   6677 |    715 |   1743 |   1116 |   5 | 1478.4 |
         Abyss |      2 |      2 |      0 |      0 |      0 |   1 |    2.0 |
      Ziggurat |   7070 |   7070 |      0 |   2369 |    628 |  27 |  261.9 |
        Bazaar |    150 |    150 |      0 |      0 |      0 |   2 |   75.0 |
       Volcano |    481 |    481 |      0 |      0 |      0 |   1 |  481.0 |
        Wizlab |   1547 |   1547 |      0 |    640 |    189 |   1 | 1547.0 |
    Desolation |   1468 |   1468 |      0 |    580 |    152 |   1 | 1468.0 |
      Gauntlet |    896 |    896 |      0 |    288 |      0 |   1 |  896.0 |
               +--------+--------+--------+--------+--------+-----+--------+

Top non-repeatable levels by time:
Depths:2: 2490 daAuts
Depths:3: 2484 daAuts
 Crypt:3: 2369 daAuts
Vaults:1: 2180 daAuts
   Zot:1: 2012 daAuts
Vaults:3: 1931 daAuts
   Elf:3: 1764 daAuts
    D:13: 1721 daAuts
  Lair:3: 1719 daAuts
Vaults:5: 1700 daAuts
    D:11: 1686 daAuts
Vaults:2: 1685 daAuts
   Elf:2: 1655 daAuts
   Zot:5: 1645 daAuts
Vaults:4: 1641 daAuts
